 Dungeon Crawl Stone Soup version 0.31-a0-182-gc5ef74bbde (webtiles) character file.

Game seed: 7224935550809141533

830744 qw the Bringer of Light (level 27, -2/196 HPs)
             Began as a Gargoyle Fighter on June 21, 2023.
             Was the Champion of the Shining One.
             Killed from afar by Ici Zirch the pandemonium lord (25 damage)
             ... with damnation
             ... in Pandemonium.
             The game lasted 00:54:32 (64078 turns).

qw the Bringer of Light (Gargoyle Fighter)         Turns: 64078, Time: 00:54:33

Health: -2/196     AC: 62    Str: 30    XL:     27
Magic:  28/32      EV: 25    Int:  8    God:    the Shining One [******]
Gold:   5258       SH: 36    Dex: 27    Spells: 26/26 levels left

rFire   . . .        O - +9 broad axe (holy)
rCold   . . .        A - +10 tower shield of Ignorance {rN+ Int-4}
rNeg    + + +        l - +5 plate armour of the Northern Lights {Will++}
rPois   inf          j - +2 helmet
rElec   +            F - +2 cloak
rCorr   .            a - +0 pair of gloves of the Equinox {rN+ Regen+ Int+5 Dex+2}
SInv    .            K - +2 pair of slick slippers {slick, slippery, EV+4}
Will    ++++.        w - amulet of faith Stlth
                     e - ring of Lanoer {Fly AC+4 Dex+6 Stlth+}
HPRegen 1.32/turn    b - ring of Sapiciteune {rN+ Dex+6 Slay+5}
MPRegen 0.23/turn

%: faith
@: flying, glowing, silenced
A: sickness immunity, AC +20, big wings, negative energy resistance 1,
electricity resistance, torment resistance 1, petrification resistance, agile 1,
dopey 1, low MP 2, weak 1
}: 7/15 runes: decaying, slimy, silver, golden, abyssal, dark, gossamer
a: Renounce Religion


You were in Pandemonium.
You worshipped the Shining One.
The Shining One was exalted by your worship.
You visited 12 branches of the dungeon, and saw 55 of its levels.
You visited Pandemonium 1 time, and saw 4 of its levels.
You visited the Abyss 2 times.
You visited 1 bazaar.
You also visited: Sewer and Desolation.

You collected 12833 gold pieces.
You spent 7575 gold pieces at shops.


Innate Abilities, Weirdness & Mutations

You are immune to sickness and miasma.
Your stone body is resilient. (AC +20)
You are immune to poison.
Your large and strong wings let you fly.
You resist negative energy. (rN+)
You are resistant to electric shocks. (rElec)
You are resistant to unholy torment.
You are immune to petrification.
You are agile. (Dex +4, Str/Int -1)
You are dopey. (Int -2)
Your magical capacity is very low. (-20% MP)
You are weak. (Str -2)


   Skills:
 - Level 26.5 Fighting
 - Level 3.4 Short Blades
 - Level 18.0 Axes
 - Level 14.5 Throwing
 + Level 23.9 Armour
 - Level 15.0 Dodging
 - Level 22.4 Shields
 O Level 27 Invocations


You had 26 spell levels left.
You didn't know any spells.
Your spell library was empty.

Inventory:

Hand Weapons
 p - the +8 mithril axe "Arga" {speed, Will+}
   (You found it on level 4 of the Vaults)

   Will:      It increases your willpower.
 O - a +9 broad axe of holy wrath (weapon)
Armour
 a - the +0 pair of gloves of the Equinox (worn) {rN+ Regen+ Int+5 Dex+2}
   (You acquired it on level 4 of the Dungeon)

   Int:       It affects your intelligence (+5).
   Dex:       It affects your dexterity (+2).
   rN:        It protects you from negative energy.
   Regen:     It increases your rate of health regeneration.
 j - a +2 helmet (worn)
 l - the +5 plate armour of the Northern Lights (worn) {Will++}
   (Okawaru gifted it to you on level 3 of the Spider Nest)

   Will:      It greatly increases your willpower.
 m - a +2 cloak of preservation
 n - the +1 pair of gloves of Paruffal {Harm rN+ Slay+5}
   (You found it on level 4 of the Spider Nest)

   Slay:      It affects your accuracy & damage with ranged weapons and melee
   (+5).
   rN:        It protects you from negative energy.
   Harm:      It increases damage dealt and taken.
 A - the +10 tower shield of Ignorance (worn) {rN+ Int-4}
   (You bought it in a shop on level 5 of the Vaults)

   Int:       It affects your intelligence (-4).
   rN:        It protects you from negative energy.
 B - a +4 plate armour of cold resistance
 F - a +2 cloak (worn)
 H - the +4 plate armour of Resilience {Slay+3}
   (Okawaru gifted it to you on level 3 of the Vaults)

   Slay:      It affects your accuracy & damage with ranged weapons and melee
   (+3).
 K - the +2 pair of slick slippers (worn) {slick, slippery, EV+4}
   (You found it in the Desolation of Salt)

   Slick:     Its wearer cannot be constricted, engulfed, netted or webbed.
   Slippery:  Its wearer slips away from damaging melee attacks, pulling the
   attacker onward.
   EV:        It affects your evasion (+4).
 N - +0 gold dragon scales
Jewellery
 b - the ring of Sapiciteune (right hand) {rN+ Dex+6 Slay+5}
   (You found it on level 5 of the Pits of Slime)

   [ring of dexterity]

   Dex:       It affects your dexterity (+6).
   Slay:      It affects your accuracy & damage with ranged weapons and melee
   (+5).
   rN:        It protects you from negative energy.
 c - the ring "Pothroadd" {Ice *Slow rPois Str+3 Int+4}
   (You took it off Josephina on level 4 of the Depths)

   [ring of ice]

   It enhances your ice magic.
   Str:       It affects your strength (+3).
   Int:       It affects your intelligence (+4).
   rF:        It makes you vulnerable to fire.
   rC:        It protects you from cold.
   rPois:     It protects you from poison.
   *Slow:     It may slow you when you take damage.
 e - the ring of Lanoer (left hand) {Fly AC+4 Dex+6 Stlth+}
   (You found it on level 5 of the Pits of Slime)

   [ring of protection]

   AC:        It affects your AC (+4).
   Dex:       It affects your dexterity (+6).
   Fly:       It grants you flight.
   Stlth:     It makes you more stealthy.
 i - the amulet of Vitality {RegenMP++ Regen++}
   (You took it off a royal mummy on level 1 of the Crypt)

   [amulet of magic regeneration]

   It increases your rate of magic regeneration.
   Regen:     It increases your rate of health regeneration.
   The Shining One disapproves of the use of such an item.
 v - an amulet of reflection
 w - an amulet of faith (around neck)
 z - the ring of Sunlight {Ice rPois Will+ Dex-3 Stlth+}
   (You acquired it on level 3 of the Tomb of the Ancients)

   [ring of ice]

   It enhances your ice magic.
   Dex:       It affects your dexterity (-3).
   rF:        It makes you vulnerable to fire.
   rC:        It protects you from cold.
   rPois:     It protects you from poison.
   Will:      It increases your willpower.
   Stlth:     It makes you more stealthy.
 D - the ring "Huqyrphomo" {Ice Contam Will+ rCorr Int+3}
   (You bought it in a shop on level 2 of the Orcish Mines)

   [ring of ice]

   It enhances your ice magic.
   Int:       It affects your intelligence (+3).
   rF:        It makes you vulnerable to fire.
   rC:        It protects you from cold.
   Contam:    It causes magical contamination when unequipped.
   rCorr:     It protects you from acid and corrosion.
   Will:      It increases your willpower.
 I - a ring of protection from cold
 L - the amulet "Nurur" {RegenMP *Corrode rC+++ Will+ Regen+}
   (You found it on level 2 of the Depths)

   [amulet of magic regeneration]

   It increases your rate of magic regeneration.
   rC:        It renders you almost immune to cold.
   Regen:     It increases your rate of health regeneration.
   *Corrode:  It may corrode you when you take damage.
   Will:      It increases your willpower.
 Y - the ring "Kitydor" {Fly rF+ Dex+6}
   (You found it on level 10 of the Dungeon)

   [ring of dexterity]

   Dex:       It affects your dexterity (+6).
   rF:        It protects you from fire.
   Fly:       It grants you flight.
Wands
 u - a wand of digging (30)
Scrolls
 g - 22 scrolls of teleportation
 h - 20 scrolls of identify
 r - a scroll of brand weapon
 M - 4 scrolls of enchant weapon
 P - 4 scrolls of enchant armour
Potions
 d - 9 potions of might
 f - 8 potions of haste
 k - 12 potions of enlightenment
 o - a potion of heal wounds
 t - 7 potions of resistance
 x - 18 potions of curing
 G - 10 potions of mutation
 T - 5 potions of cancellation

Dungeon Overview and Level Annotations

Branches:
Dungeon (15/15)            Temple (1/1) D:5            Lair (5/5) D:10
  Swamp (4/4) Lair:2       Spider (4/4) Lair:3        Slime (5/5) Lair:4
    Orc (2/2) D:10            Elf (0/3) Orc:2        Vaults (5/5) D:14
  Crypt (3/3) Vaults:3       Tomb (3/3) Crypt:3      Depths (4/4) D:15
    Zot (4/5) Depths:4      Sewer (visited)         Desolation (visited)

Altars:
Ashenzari
Cheibriados
Dithmenos
Elyvilon
Fedhas
Gozag
Hepliaklqana
Kikubaaqudgha
Makhleb
Nemelex Xobeh
Okawaru
Qazlal
Ru
Sif Muna
Trog
Uskayaw
Vehumet
Wu Jian
Xom
Yredelemnul
Zin
The Shining One
Jiyva

Shops:
D:7 :   D:10 !((   D:14 *(*[   Orc:2 *([=   Vaults:2 (   Vaults:4 (
Vaults:5 ![(   Depths:2 **[[

Portals:
Hell: Depths:1 Depths:2 Depths:3 Depths:4
Abyss: Depths:3 Depths:4
Pandemonium: Depths:2 Depths:3
Ziggurat: Depths:3

Annotations:
D:9 4 transporters
Lair:1 2 transporters, qw's ghost, journeyman NaHu


Message History

You block Ici Zirch's attack.
Your angel gestures.
Your angel is healed somewhat.
You hit Ici Zirch but do no damage.
Ici Zirch is heavily wounded.
You are engulfed in a thunderstorm.
You resist. You block Ici Zirch's attack.
You slice Ici Zirch!!
Ici Zirch convulses!!
Ici Zirch is severely wounded.
You are engulfed in a thunderstorm.
You resist. You block Ici Zirch's attack.
Ici Zirch gestures.
Lightning arcs from Ici Zirch's claws!
The bolt of lightning hits you!!!! You resist.
A bolt of lightning appears from out of thin air!
The bolt of lightning hits your angel!!
Your angel resists.
The bolt of lightning hits Ici Zirch.
Ici Zirch resists.
You hear a roar!
You hit Ici Zirch.
Ici Zirch convulses.
Ici Zirch is severely wounded.
You block Ici Zirch's attack.
You hit Ici Zirch but do no damage.
Ici Zirch is severely wounded.
You are engulfed in a thunderstorm.
You resist.
Ici Zirch gestures.
Ici Zirch's surroundings become eerily quiet.
64078 ||| DRINKING 2 potions of heal wounds.
You feel much better.
Ici Zirch gestures.
Lightning arcs from Ici Zirch's claws!
The bolt of lightning hits you!!! You resist.
A bolt of lightning appears from out of thin air!
The bolt of lightning hits your angel!!
Your angel resists.
The bolt of lightning hits Ici Zirch but does no damage.
Ici Zirch gestures at your angel.
The sphere of damnation explodes!
The damnation engulfs your angel!!
Your angel dies!
Your angel dissolves into sparkling lights!
The damnation engulfs you!!
You die...

........%.............#....#.....
......................#....#.....
........#'######'#....#....'.....
..##....#.# #.# ..#....#.....
..#####.#.# #.# #....#.....
..##..\.#.# #%#....#....#.....
..#.....#.# #.#....#....#.%...
..'.....#.# #.#...#######.....
####....# #@#...#...........
A..#....# #&#...#...........
...#....# ¤¤#...#...........
...#....##########...#...........
...#...............#.............
...#....#...........#########....
...#....#...........# #....
.########...........# #.... .#
#...........# #....


You could see Ici Zirch (silencing, clouds, unsilenced, unaware).

Vanquished Creatures
  the Royal Jelly (Slime:5)
  Gloorx Vloq (Pan)
  Khufu (Crypt:1)
  3 ancient liches (Vaults:5)
  4 juggernauts
  26 royal mummies
  Bai Suzhen (Spider:3)
  Josephina (Depths:4)
  Sojobo (Crypt:3)
  Saint Roka (Vaults:2)
  Frederick (Vaults:3)
  A caustic shrike (Depths:4)
  2 pandemonium lords (Pan)
  4 curse toes
  7 golden dragons
  5 bone dragons
  the Enchantress (Depths:4)
  Jory (Crypt:3)
  Arachne (Spider:4)
  A Tzitzimitl (Pan)
  7 Brimstone Fiends (Pan)
  An electric golem (Zot:2)
  2 doom hounds (Crypt:3)
  18 tentacled monstrosities
  A walking crystal tome (Depths:1)
  Zenata (Vaults:4)
  10 liches
  A shard shrike skeleton (Crypt:3)
  7 deep elf blademasters
  12 titans
  A walking frostbound tome (Depths:3)
  Asterion (Vaults:2)
  Grunn (Crypt:3)
  3 deep elf master archers
  11 quicksilver dragons
  9 tentacled starspawn (Abyss:3)
  16 ancient champions
  8 death cobs
  Gastronok (D:8)
  18 sphinxes
  11 acid blobs
  A thorn hunter (Swamp:4)
  7 shadow dragons
  14 Executioners (Pan)
  3 draconian monks
  Donald (Vaults:3)
  5 revenants
  8 tengu reavers
  5 storm dragons
  5 fenstrider witches (Swamp:4)
  6 azure jellies
  8 rockslimes
  17 fire giants
  3 iron dragons
  3 deep elf sorcerers
  4 draconian knights
  13 frost giants
  2 balrugs
  7 draconian scorchers
  2 juggernaut zombies
  16 vault wardens
  Louise (Spider:4)
  A caustic shrike zombie (Abyss:3)
  8 emperor scorpions
  5 draconian shifters
  An imperial myrmidon (Desolation)
  4 orc warlords
  6 curse skulls
  A spectral caustic shrike (Crypt:2)
  2 ghost moths
  3 angels
  11 quicksilver oozes
  7 ghouls
  5 broodmothers
  Aizul (Swamp:2)
  2 demonspawn corrupters (Pan)
  4 spriggan defenders (Depths:4)
  A cacodemon (Pan)
  8 ironbound thunderhulks
  2 draconian stormcallers (Zot:3)
  6 draconian annihilators
  A reaper (Swamp:4)
  2 caustic shrike skeletons
  A demonspawn blood saint (Pan)
  8 formless jellyfish
  17 stone giants
  21 ironbound preservers
  28 very ugly things
  3 war gargoyles
  3 deep elf demonologists
  6 eleionomae
  9 vampire knights
  15 green draconians
  5 spark wasps
  7 lorocyprocas (Pan)
  3 demonspawn black suns (Pan)
  An eleionoma (shapeshifter) (Vaults:5)
  8 bunyips
  11 purple draconians
  3 deep elf annihilators
  16 red draconians
  13 black draconians
  A halazid warlock (Desolation)
  5 bennus (Tomb:2)
  21 white draconians
  A minotaur (shapeshifter) (Vaults:5)
  4 dire elephants
  10 yellow draconians
  16 mummy priests
  2 crystal guardians
  5 fire dragons
  3 eidola
  5 deep elf death magi
  9 ragged hierophants (Desolation)
  5 deep elf high priests
  A spectral spriggan (Crypt:2)
  19 yaktaur captains
  A green death (Swamp:4)
  8 ettins
  18 jiangshi
  4 rakshasas
  4 spriggan zombies
  Fannar (Lair:2)
  13 great orbs of eyes
  10 entropy weavers
  11 ice dragons
  11 hydras
  5 peacekeepers
  8 servants of whispers (Desolation)
  7 ironbound frosthearts
  3 ghost crabs
  25 vault guards
  2 juggernaut simulacra
  A radroach (Spider:4)
  Harold (D:9)
  A catoblepas (Lair:3)
  6 ogre magi
  A fenstrider witch skeleton (Pan)
  16 centaur warriors
  3 dancing weapons
  6 spriggan air magi
  6 boulder beetles
  10 tengu warriors
  A spectral stone giant (Crypt:2)
  7 alligators
  63 death scarabs
  12 two-headed ogres
  6 jorogumos (Spider:4)
  4 orc high priests (Orc:2)
  11 deep troll shamans
  17 demonic crawlers
  A titan zombie (Depths:1)
  16 vampire magi
  6 death yaks
  9 deep troll earth magi
  12 soul eaters
  6 spriggan berserkers
  6 deep elf knights
  A salamander mystic (Depths:1)
  3 thrashing horrors
  20 hell knights
  12 sun demons
  Nergalle (Orc:1)
  7 pharaoh ants
  21 skeletal warriors
  6 wretched stars
  12 sixfirhies
  8 shadow wraiths
  2 skysharks (Lair:4)
  7 iron trolls
  2 sun moths
  An anaconda zombie (Crypt:2)
  4 flayed ghosts
  A golden dragon zombie (Abyss:3)
  3 goliath frogs
  5 orb spiders
  A skyshark (shapeshifter) (Depths:4)
  An iron giant zombie (Crypt:1)
  4 bog bodies
  6 glowing orange brains
  3 shadow demons
  5 swamp dragons
  A swamp dragon (shapeshifter) (Vaults:5)
  4 deep elf archers
  5 lindwurms
  56 deep trolls
  6 spriggan druids
  12 wizards
  26 ironbound convokers
  10 phantasmal warriors
  8 steelbarb worms
  10 deep elf zephyrmancers (Crypt:2)
  3 harpies (Vaults:4)
  A fire giant zombie (Crypt:1)
  7 necromancers
  An oklob plant (Lair:4)
  15 wolf spiders
  16 orc knights
  3 shining eyes
  4 deep elf pyromancers
  4 anaconda skeletons
  2 tengu skeletons
  3 will-o-the-wisps
  20 moths of wrath
  7 orc sorcerers
  A cyclops (shapeshifter) (Depths:4)
  19 elephants
  A spectral ettin (Crypt:2)
  48 ugly things
  8 cyclopes
  An iron dragon skeleton (Depths:1)
  2 centaur zombies
  A goliath frog skeleton (Crypt:3)
  6 salamanders (Depths:1)
  3 guardian serpents (Desolation)
  An ice statue (Lair:4)
  3 black mambas (Lair:3)
  3 eyes of devastation
  8 cane toads
  18 vault sentinels
  A dire elephant skeleton (Pan)
  2 molten gargoyles (Desolation)
  2 unseen horrors
  13 smoke demons
  A dire elephant zombie (Crypt:3)
  50 starcursed masses
  5 orange demons
  A gargoyle (D:11)
  4 torpor snails
  4 hellions
  An alligator snapping turtle skeleton (Pan)
  2 efreet
  A swamp worm zombie (Crypt:1)
  8 komodo dragons
  4 freezing wraiths
  6 rime drakes
  2 centaur skeletons
  2 kobold demonologists (D:12)
  9 tormentors (Pan)
  3 tengu conjurers
  2 golden dragon simulacra (Depths:4)
  29 yaktaurs
  50 guardian mummies
  A spectral harpy (Crypt:2)
  A death yak skeleton (Crypt:1)
  A red devil (Pan)
  3 tyrant leeches
  9 trolls
  2 bloated husks
  4 hellwings
  3 harpy zombies
  A hornet (Swamp:3)
  3 meliai (Spider:2)
  A hornet (shapeshifter) (Abyss:3)
  A polar bear (Lair:4)
  A tengu simulacrum (Depths:4)
  26 tarantellas
  16 raiju
  A hydra skeleton (Crypt:2)
  23 blink frogs
  2 harpy skeletons
  52 saltlings (Desolation)
  31 jumping spiders
  5 dream sheep
  24 flying skulls
  78 slime creatures
  5 spriggans
  4 shadows
  A water elemental (D:14)
  23 culicivoras
  2 wyverns (Lair:3)
  9 ushabtiu
  A slime creature zombie (Crypt:2)
  2 vampires
  52 yaks
  An ettin skeleton (Crypt:2)
  8 wraiths
  8 ynoxinuls
  23 large abominations
  7 small abominations
  5 basilisks
  A fire elemental (Abyss:3)
  6 vampire mosquitoes
  A steam dragon (Lair:4)
  3 black mamba skeletons
  10 golden eyes
  15 chaos spawn
  53 redbacks
  14 neqoxecs
  3 wargs
  10 swamp worms
  2 harpy simulacra (Crypt:2)
  A spatial vortex (Abyss:4)
  18 water moccasins
  2 acid dragons
  4 hell hounds (Abyss:3)
  A floating eye (Depths:2)
  39 orc warriors
  A swamp drake (Swamp:4)
  A meliai simulacrum (D:13)
  An ettin simulacrum (Crypt:2)
  12 ice beasts
  2 black bears
  9 ogres
  12 centaurs
  2 phantoms
  A lindwurm skeleton (Crypt:1)
  3 kobold brigands
  2 necrophages (Crypt:2)
  An earth elemental (Abyss:3)
  13 bullfrogs
  A draconian skeleton (Crypt:2)
  A scorpion (D:6)
  14 wights
  26 killer bees
  A cyclops skeleton (Crypt:1)
  4 spriggan skeletons
  2 howler monkeys
  6 electric eels (D:14)
  2 quasits (Abyss:3)
  4 human zombies (Crypt:1)
  4 jellies
  14 orc priests
  5 iron imps
  A boggart zombie (Crypt:3)
  3 human skeletons (Crypt:1)
  16 orc wizards
  A scorpion zombie (Crypt:2)
  Natasha (thrice) (D:3)
  6 naga skeletons
  36 mummies
  Robin (D:2)
  6 gnolls
  3 river rats (Sewer)
  13 adders
  A shadow imp (D:7)
  3 white imps
  An ufetubus (Abyss:3)
  A worm (D:2)
  2 dart slugs
  62 orcs
  10 ball pythons
  A bat skeleton (Crypt:1)
  7 endoplasms
  8 giant cockroaches
  13 goblins
  10 hobgoblins
  3 jackals (D:3)
  5 quokkas
  6 bats
  15 frilled lizards
  14 kobolds
  A rat (D:2)
  A river rat skeleton (Crypt:1)
  A fire vortex (Depths:1)
  A lurking horror (Abyss:3)
  2 spectral weapons (Vaults:2)
  6 starspawn tentacles (Abyss:3)
2775 creatures vanquished.

Vanquished Creatures (collateral kills)
  14 royal mummies
  A Tzitzimitl (Pan)
  A lich (Crypt:3)
  A deep elf blademaster (Crypt:2)
  An Executioner (Pan)
  3 ancient champions
  A tengu reaver (Crypt:3)
  A revenant (Crypt:3)
  A fire giant (Crypt:2)
  A curse skull (Crypt:3)
  A ghoul (Crypt:3)
  A very ugly thing (Abyss:4)
  A demonspawn blood saint (Pan)
  A vampire knight (Crypt:3)
  2 black draconians (Crypt:2)
  A stone giant (Crypt:2)
  A demonspawn black sun (Pan)
  2 lorocyprocas (Pan)
  5 bennus
  2 eidola
  2 green deaths (Pan)
  A jiangshi (Crypt:3)
  A blizzard demon (Pan)
  5 mummy priests
  2 hell beasts (Pan)
  5 death scarabs (Tomb:1)
  2 demonic crawlers (Pan)
  4 sun demons
  2 thrashing horrors (Abyss:4)
  2 soul eaters (Pan)
  4 skeletal warriors
  3 sixfirhies (Pan)
  A golden dragon zombie (Tomb:3)
  2 orange crystal statues (Abyss:4)
  A shadow demon (Pan)
  A goliath frog zombie (Crypt:2)
  A rust devil (Pan)
  A centaur zombie (Crypt:3)
  4 orange demons
  An apocalypse crab (Abyss:4)
  5 smoke demons (Pan)
  An ice devil (Pan)
  A swamp worm zombie (Crypt:2)
  3 ancient zymes (Abyss:4)
  10 guardian mummies
  A harpy skeleton (Crypt:3)
  A harpy zombie (Crypt:3)
  A raiju (Abyss:4)
  10 large abominations
  6 flying skulls
  10 ushabtiu
  A dire elephant simulacrum (Crypt:3)
  A wraith (Crypt:2)
  A vampire (Crypt:3)
  5 ynoxinuls (Pan)
  5 neqoxecs
  8 chaos spawn (Pan)
  2 small abominations (Abyss:4)
  A fire bat skeleton (Crypt:3)
  5 starcursed masses (Abyss:4)
  A cyclops zombie (Crypt:3)
  A water moccasin zombie (Crypt:2)
  An acid dragon skeleton (Crypt:3)
  21 mummies
  A lurking horror (Abyss:4)
190 creatures vanquished.

Vanquished Creatures (others)
  A tentacled monstrosity (Zot:2)
  A thorn hunter (Swamp:4)
  A tengu reaver (Vaults:5)
  2 draconian knights (Zot:3)
  2 fire dragons (Depths:4)
  A hydra (Swamp:3)
  A shadow wraith (Crypt:3)
  A deep troll (Vaults:2)
  A moth of wrath (Zot:3)
  A bloated husk (Swamp:3)
  A tyrant leech (Swamp:2)
  A water elemental (D:14)
  A golden eye (Abyss:3)
  A small abomination (Abyss:4)
  16 foxfires
  27 starspawn tentacles
59 creatures vanquished.

Grand Total: 3024 creatures vanquished

Notes
Turn   | Place    | Note
-------+----------+-------------------------------------------
     0 | D:1      | qw the Gargoyle Fighter began the quest for the Orb.
     0 | D:1      | Reached XP level 1. HP: 14/14 MP: 1/1
     0 | D:1      | 0 ||| qw: Version: 0.3-a-9-g12657ce
     0 | D:1      | 0 ||| qw: Game counter: 1519
     0 | D:1      | 0 ||| qw: Always use a shield: true
     0 | D:1      | 0 ||| qw: God list: Okawaru
     0 | D:1      | 0 ||| qw: Allow faded altars: false
     0 | D:1      | 0 ||| qw: Do Orc after D:15 true
     0 | D:1      | 0 ||| qw: Do second Lair branch before Depths: true
     0 | D:1      | 0 ||| qw: Lair rune preference: random
     0 | D:1      | 0 ||| qw: Plans: Normal, Zot:1-4, Slime:5, God:TSO, Crypt,
                  | Tomb, Abyss, Pan, Hells, Win
     0 | D:1      | 0 ||| PLANNING D:1-11
   197 | D:1      | Reached XP level 2. HP: 19/19 MP: 2/2
   285 | D:1      | 285 ||| DROPPING +0 club.
   443 | D:1      | Found a faded altar of an unknown god.
   568 | D:1      | Reached skill level 3 in Axes
   608 | D:1      | 608 ||| Stepping ~*~*~tactically~*~*~ (stealth).
   610 | D:1      | 610 ||| Stepping ~*~*~tactically~*~*~ (stealth).
   611 | D:1      | 611 ||| Stepping ~*~*~tactically~*~*~ (stealth).
   612 | D:1      | 612 ||| Stepping ~*~*~tactically~*~*~ (stealth).
   626 | D:1      | Reached XP level 3. HP: 22/23 MP: 3/3
   629 | D:1      | 629 ||| Stepping ~*~*~tactically~*~*~ (stealth).
   631 | D:1      | 631 ||| Stepping ~*~*~tactically~*~*~ (stealth).
   635 | D:1      | 635 ||| Stepping ~*~*~tactically~*~*~ (stealth).
   637 | D:1      | 637 ||| Stepping ~*~*~tactically~*~*~ (stealth).
   645 | D:1      | 645 ||| Stepping ~*~*~tactically~*~*~ (stealth).
   882 | D:1      | 882 ||| UPGRADING to +0 helmet.
   887 | D:1      | 887 ||| READING scroll labelled VIGRIUPRAUFF.
   890 | D:1      | 890 ||| READING scroll labelled SAEZOTRICSO.
   891 | D:1      | 891 ||| READING 2 scrolls labelled DOMAOCSULU.
   892 | D:1      | 892 ||| READING scroll labelled RAORGH REUM.
  1074 | D:2      | Noticed Robin
  1084 | D:2      | Killed Robin
  1248 | D:2      | 1248 ||| Stepping ~*~*~tactically~*~*~ (stealth).
  1251 | D:2      | Reached XP level 4. HP: 28/28 MP: 4/4
  1274 | D:2      | 1274 ||| Stepping ~*~*~tactically~*~*~ (stealth).
  1276 | D:2      | 1276 ||| Stepping ~*~*~tactically~*~*~ (hiding).
  1332 | D:2      | 1332 ||| Stepping ~*~*~tactically~*~*~ (stealth).
  1334 | D:2      | 1334 ||| Stepping ~*~*~tactically~*~*~ (hiding).
  1335 | D:2      | 1335 ||| Stepping ~*~*~tactically~*~*~ (hiding).
  1338 | D:2      | 1338 ||| Stepping ~*~*~tactically~*~*~ (hiding).
  1340 | D:2      | 1340 ||| Stepping ~*~*~tactically~*~*~ (stealth).
  1362 | D:2      | 1362 ||| DROPPING +0 whip.
  1649 | D:2      | 1649 ||| UPGRADING to +0 pair of gloves.
  1654 | D:2      | 1654 ||| UPGRADING to +0 cloak.
  1659 | D:2      | 1659 ||| UPGRADING to ring of positive energy.
  1660 | D:2      | 1660 ||| DROPPING ring of magical power.
  1661 | D:2      | 1661 ||| READING 5 scrolls labelled VIKAMPU XUITI.
  1662 | D:2      | 1662 ||| DRINKING 2 bubbling green potions.
  1663 | D:2      | 1663 ||| DROPPING 4 scrolls of amnesia.
  1798 | D:3      | 1798 ||| READING scroll of enchant weapon.
  1798 | D:3      | 1798 ||| ENCHANTING +1 war axe.
  1826 | D:3      | 1826 ||| Stepping ~*~*~tactically~*~*~ (stealth).
  1993 | D:3      | 1993 ||| Stepping ~*~*~tactically~*~*~ (stealth).
  2036 | D:3      | Noticed Natasha
  2037 | D:3      | 2037 ||| Stepping ~*~*~tactically~*~*~ (hiding).
  2045 | D:3      | Killed Natasha
  2046 | D:3      | Reached XP level 5. HP: 13/32 MP: 5/5
  2328 | D:3      | Noticed Natasha
  2344 | D:3      | Killed Natasha
  2395 | D:3      | Noticed Natasha
  2396 | D:3      | 2396 ||| Stepping ~*~*~tactically~*~*~ (stealth).
  2398 | D:3      | 2398 ||| Stepping ~*~*~tactically~*~*~ (stealth).
  2489 | D:3      | Killed Natasha
  2567 | D:3      | 2567 ||| UPGRADING to +0 chain mail.
  2577 | D:3      | 2577 ||| DROPPING +0 scale mail.
  2578 | D:3      | 2578 ||| READING scroll labelled OLASY YNLYINGU.
  2679 | D:3      | 2679 ||| DRINKING 2 murky yellow potions.
  2680 | D:3      | 2680 ||| READING 3 scrolls of identify.
  2680 | D:3      | 2680 ||| IDENTIFYING glowing brown potion
  2681 | D:3      | 2681 ||| READING 2 scrolls of identify.
  2681 | D:3      | 2681 ||| IDENTIFYING bubbling silvery potion
  2682 | D:3      | 2682 ||| DROPPING potion of invisibility.
  2700 | D:4      | 2700 ||| PLANNING SEWER
  2729 | D:4      | 2729 ||| Stepping ~*~*~tactically~*~*~ (stealth).
  2739 | D:4      | 2739 ||| Stepping ~*~*~tactically~*~*~ (stealth).
  2740 | D:4      | 2740 ||| Stepping ~*~*~tactically~*~*~ (stealth).
  2810 | D:4      | 2810 ||| Stepping ~*~*~tactically~*~*~ (stealth).
  2875 | D:4      | 2875 ||| Stepping ~*~*~tactically~*~*~ (stealth).
  2898 | D:4      | Found a glowing drain.
  2909 | D:4      | Reached XP level 6. HP: 32/38 MP: 6/6
  2946 | Sewer    | Entered a sewer
  2974 | Sewer    | 2974 ||| Stepping ~*~*~tactically~*~*~ (stealth).
  3050 | Sewer    | 3050 ||| READING scroll labelled BEH RUV CIEKI.
  3051 | Sewer    | 3051 ||| READING 2 scrolls of identify.
  3051 | Sewer    | 3051 ||| IDENTIFYING grey potion
  3123 | Sewer    | 3123 ||| Stepping ~*~*~tactically~*~*~ (water).
  3160 | Sewer    | Reached skill level 6 in Axes
  3177 | Sewer    | 3177 ||| DRINKING 2 glowing sapphire potions.
  3177 | Sewer    | Gained mutation: You occasionally lose the ability to drink
                  | potions when taking damage. [potion of mutation]
  3178 | Sewer    | 3178 ||| DRINKING potion of mutation.
  3178 | Sewer    | Lost mutation: You occasionally lose the ability to drink
                  | potions when taking damage. [potion of mutation]
  3178 | Sewer    | Gained mutation: Your magical capacity is low. (-10% MP)
                  | [potion of mutation]
  3178 | Sewer    | Gained mutation: Your magical capacity is very low. (-20%
                  | MP) [potion of mutation]
  3187 | D:4      | 3187 ||| PLANNING D:1-11
  3278 | D:4      | Reached skill level 1 in Dodging
  3282 | D:4      | HP: 8/38 [something (3)]
  3283 | D:4      | 3283 ||| READING 3 scrolls of teleportation.
  3284 | D:4      | 3284 ||| DRINKING 2 potions of curing.
  3284 | D:4      | 3284 ||| (to cure confusion)
  3338 | D:4      | 3338 ||| FLEEEEING.
  3339 | D:4      | 3339 ||| FLEEEEING.
  3341 | D:4      | 3341 ||| FLEEEEING.
  3342 | D:4      | 3342 ||| FLEEEEING.
  3343 | D:4      | 3343 ||| FLEEEEING.
  3344 | D:4      | 3344 ||| FLEEEEING.
  3345 | D:4      | 3345 ||| FLEEEEING.
  3346 | D:4      | 3346 ||| FLEEEEING.
  3347 | D:4      | 3347 ||| FLEEEEING.
  3348 | D:4      | 3348 ||| FLEEEEING.
  3349 | D:4      | 3349 ||| STAIRDANCE
  3372 | D:3      | 3372 ||| READING scroll labelled NIRAN BIXALOEDETZ.
  3591 | D:4      | 3591 ||| DROPPING +1 mace of draining.
  3592 | D:4      | 3592 ||| DROPPING +0 mace.
  3593 | D:4      | 3593 ||| DROPPING amulet of magic regeneration.
  3594 | D:4      | 3594 ||| READING scroll labelled POGIME TAOL.
  3594 | D:4      | Identified a scroll of acquirement
  3594 | D:4      | 3594 ||| ACQUIRING +0 pair of gloves of the Equinox {rN+
                  | Regen+ Int+5 Dex+2}
  3594 | D:4      | Acquired the +0 pair of gloves of the Equinox {rN+ Regen+
                  | Int+5 Dex+2}
  3596 | D:4      | 3596 ||| UPGRADING to +0 pair of gloves of the Equinox {rN+
                  | Regen+ Int+5 Dex+2}.
  3606 | D:4      | 3606 ||| DROPPING +0 pair of gloves.
  3607 | D:4      | 3607 ||| READING scroll labelled BUTUUWUORU.
  3642 | D:5      | Entered Level 5 of the Dungeon
  3654 | D:5      | Reached XP level 7. HP: 40/43 MP: 5/5
  3706 | D:5      | Found a stormy altar of Qazlal.
  3833 | D:5      | Found a staircase to the Ecumenical Temple.
  3834 | D:5      | 3834 ||| PLANNING TEMPLE
  3861 | Temple   | Entered the Ecumenical Temple
  3952 | Temple   | 3952 ||| PLANNING D:1-11
  4173 | D:6      | 4173 ||| STAIRDANCE
  4211 | D:6      | Noticed a vampire mosquito
  4211 | D:6      | Noticed a vampire mosquito
  4217 | D:6      | Killed a vampire mosquito
  4222 | D:6      | Killed a vampire mosquito
  4223 | D:6      | Reached XP level 8. HP: 36/50 MP: 6/6
  4641 | D:6      | Reached skill level 6 in Fighting
  4871 | D:6      | 4871 ||| READING scroll labelled JUCWUO OR OMESH.
  4917 | D:7      | Reached skill level 9 in Axes
  4917 | D:7      | Reached XP level 9. HP: 40/55 MP: 7/7
  5193 | D:7      | 5193 ||| Stepping ~*~*~tactically~*~*~ (hiding).
  5194 | D:7      | 5194 ||| Stepping ~*~*~tactically~*~*~ (hiding).
  5216 | D:7      | 5216 ||| DROPPING +0 flail.
  5272 | D:7      | 5272 ||| Stepping ~*~*~tactically~*~*~ (stealth).
  5288 | D:7      | Found Ystal's Book Shop.
  5298 | D:7      | Found a shadowy altar of Dithmenos.
  5766 | D:7      | Noticed a troll
  5776 | D:7      | Killed a troll
  5790 | D:7      | 5790 ||| UPGRADING to +1 chain mail of cold resistance.
  5800 | D:7      | 5800 ||| UPGRADING to +0 plate armour.
  5810 | D:7      | 5810 ||| DROPPING +0 chain mail.
  5811 | D:7      | 5811 ||| READING scroll labelled HAISHR FUILY.
  5812 | D:7      | 5812 ||| DRINKING 2 fuming clear potions.
  5880 | D:8      | 5880 ||| Stepping ~*~*~tactically~*~*~ (stealth).
  5883 | D:8      | 5883 ||| Stepping ~*~*~tactically~*~*~ (stealth).
  5897 | D:8      | Reached skill level 6 in Armour
  5924 | D:8      | Noticed a centaur warrior
  5938 | D:8      | Killed a centaur warrior
  5939 | D:8      | Reached XP level 10. HP: 59/63 MP: 8/8
  6058 | D:8      | Found Kuefeoju's Book Emporium.
  6207 | D:8      | Identified the +1 long sword "Zuexac" {drain, rElec rF+ rC+
                  | Dex+2}
  6289 | D:8      | 6289 ||| Stepping ~*~*~tactically~*~*~ (stealth).
  6556 | D:8      | 6556 ||| Stepping ~*~*~tactically~*~*~ (hiding).
  6807 | D:8      | Noticed Gastronok
  6829 | D:8      | Killed Gastronok
  6830 | D:8      | Reached skill level 9 in Fighting
  7081 | D:8      | 7081 ||| READING scroll labelled WIADIRADDYO.
  7082 | D:8      | 7082 ||| DRINKING 2 cyan potions.
  7083 | D:8      | 7083 ||| READING 2 scrolls of identify.
  7083 | D:8      | 7083 ||| IDENTIFYING sedimented amethyst potion
  7084 | D:8      | 7084 ||| DROPPING potion of ambrosia.
  7171 | D:9      | Identified the amulet "Oblushek" {Acrobat rCorr Stlth+}
  7204 | D:9      | Noticed Harold
  7221 | D:9      | Killed Harold
  7222 | D:9      | Reached skill level 6 in Shields
  7604 | D:9      | 7604 ||| DRINKING potion of curing.
  7604 | D:9      | 7604 ||| (to cure confusion)
  7640 | D:9      | Reached XP level 11. HP: 71/71 MP: 8/8
  7651 | D:9      | Found a transporter.
  7653 | D:9      | Found a transporter.
  7660 | D:9      | Found a transporter.
  7708 | D:9      | Found a transporter.
  7953 | D:9      | 7953 ||| Stepping ~*~*~tactically~*~*~ (stealth).
  8126 | D:9      | 8126 ||| UPGRADING to amulet "Oblushek" {Acrobat rCorr
                  | Stlth+}.
  8131 | D:9      | 8131 ||| READING 4 scrolls of identify.
  8131 | D:9      | 8131 ||| IDENTIFYING purple potion
  8149 | D:10     | Entered Level 10 of the Dungeon
  8149 | D:10     | Found Loig's Weapon Shop.
  8200 | D:10     | 8200 ||| READING scroll of enchant armour.
  8200 | D:10     | 8200 ||| ENCHANTING +0 helmet.
  8209 | D:10     | 8209 ||| Stepping ~*~*~tactically~*~*~ (stealth).
  8217 | D:10     | 8217 ||| Stepping ~*~*~tactically~*~*~ (stealth).
  8258 | D:10     | 8258 ||| BUYING +0 broad axe (60 gold).
  8258 | D:10     | Bought a +0 broad axe for 60 gold pieces
  8258 | D:10     | 8258 ||| SWAPPING to +0 broad axe.
  8259 | D:10     | 8259 ||| DROPPING +2 war axe.
  8315 | D:10     | 8315 ||| Stepping ~*~*~tactically~*~*~ (hiding).
  8326 | D:10     | 8326 ||| Stepping ~*~*~tactically~*~*~ (hiding).
  8329 | D:10     | 8329 ||| Stepping ~*~*~tactically~*~*~ (hiding).
  8330 | D:10     | 8330 ||| Stepping ~*~*~tactically~*~*~ (hiding).
  8332 | D:10     | 8332 ||| Stepping ~*~*~tactically~*~*~ (hiding).
  8343 | D:10     | 8343 ||| FLEEEEING.
  8378 | D:10     | Found Tiarch's Weapon Shop.
  8389 | D:10     | 8389 ||| BUYING +1 morningstar "Zoqil" {flame, Fragile rF+
                  | Will+} (288 gold).
  8389 | D:10     | Bought the +1 morningstar "Zoqil" {flame, Fragile rF+
                  | Will+} for 288 gold pieces
  8396 | D:10     | Found Faof's Distillery.
  8404 | D:10     | 8404 ||| BUYING 2 potions of curing (72 gold).
  8404 | D:10     | Bought 2 potions of curing for 72 gold pieces
  8404 | D:10     | 8404 ||| BUYING potion of curing (36 gold).
  8404 | D:10     | Bought a potion of curing for 36 gold pieces
  8404 | D:10     | 8404 ||| BUYING potion of might (48 gold).
  8404 | D:10     | Bought a potion of might for 48 gold pieces
  8404 | D:10     | 8404 ||| BUYING potion of might (48 gold).
  8404 | D:10     | Bought a potion of might for 48 gold pieces
  8404 | D:10     | 8404 ||| SHOPLISTING potion of resistance (120 gold, have
                  | 90).
  8500 | D:10     | Reached skill level 1 in Throwing
  8556 | D:10     | Found a staircase to the Orcish Mines.
  8597 | D:10     | Found a broken altar of Ashenzari.
  8598 | D:10     | Found a sparkling altar of Nemelex Xobeh.
  8599 | D:10     | Found an iron altar of Okawaru.
  8602 | D:10     | Identified the ring "Kitydor" {Fly rF+ Dex+6}
  8615 | D:10     | Found a sacrificial altar of Ru.
  8616 | D:10     | 8616 ||| PLANNING OKAWARU WORSHIP
  8616 | D:10     | 8616 ||| UPGRADING to ring "Kitydor" {Fly rF+ Dex+6}.
  8621 | D:10     | Became a worshipper of Warmaster Okawaru
  8622 | D:10     | 8622 ||| PLANNING D:1-11
  8811 | D:10     | Found a staircase to the Lair.
  8837 | D:10     | 8837 ||| PLANNING LAIR
  8852 | Lair:1   | Entered Level 1 of the Lair of Beasts
  8873 | Lair:1   | Reached skill level 3 in Dodging
  8895 | Lair:1   | Reached skill level 12 in Axes
  8928 | Lair:1   | Reached * piety under Okawaru
  8929 | Lair:1   | 8929 ||| INVOKING Heroism.
  8941 | Lair:1   | 8941 ||| INVOKING Heroism.
  8954 | Lair:1   | 8954 ||| INVOKING Heroism.
  8968 | Lair:1   | Reached skill level 1 in Invocations
  9004 | Lair:1   | Found a transporter.
  9009 | Lair:1   | Noticed qw's ghost (journeyman NaHu)
  9046 | Lair:1   | 9046 ||| INVOKING Heroism.
  9055 | Lair:1   | Reached skill level 2 in Invocations
  9061 | Lair:1   | Reached skill level 9 in Armour
  9106 | Lair:1   | Reached skill level 3 in Invocations
  9114 | Lair:1   | Reached ** piety under Okawaru
  9204 | Lair:1   | Reached skill level 4 in Invocations
  9204 | Lair:1   | Reached XP level 12. HP: 74/77 MP: 12/12
  9207 | Lair:1   | Found a transporter.
  9253 | Lair:1   | 9253 ||| INVOKING Heroism.
  9282 | Lair:1   | Identified the +5 orcbow "Zyont" {heavy, Drain rPois Will+
                  | Int+2}
  9346 | Lair:1   | 9346 ||| INVOKING Heroism.
  9372 | Lair:1   | 9372 ||| INVOKING Heroism.
  9403 | Lair:1   | 9403 ||| INVOKING Heroism.
  9679 | Lair:1   | 9679 ||| Stepping ~*~*~tactically~*~*~ (stealth).
  9680 | Lair:1   | 9680 ||| Stepping ~*~*~tactically~*~*~ (stealth).
  9683 | Lair:1   | 9683 ||| Stepping ~*~*~tactically~*~*~ (stealth).
  9778 | Lair:1   | 9778 ||| READING 4 scrolls of identify.
  9778 | Lair:1   | 9778 ||| IDENTIFYING puce potion
 10050 | Lair:1   | 10050 ||| READING 3 scrolls of identify.
 10050 | Lair:1   | 10050 ||| IDENTIFYING green potion
 10051 | Lair:1   | 10051 ||| DROPPING potion of berserk rage.
 10115 | Lair:2   | 10115 ||| Stepping ~*~*~tactically~*~*~ (stealth).
 10407 | Lair:2   | Found a staircase to the Swamp.
 10408 | Lair:2   | 10408 ||| Stepping ~*~*~tactically~*~*~ (hiding).
 10411 | Lair:2   | 10411 ||| INVOKING Heroism.
 10544 | Lair:2   | Noticed Fannar
 10562 | Lair:2   | 10562 ||| FLEEEEING.
 10563 | Lair:2   | 10563 ||| FLEEEEING.
 10564 | Lair:2   | 10564 ||| FLEEEEING.
 10567 | Lair:2   | 10567 ||| Stepping ~*~*~tactically~*~*~ (hiding).
 10568 | Lair:2   | 10568 ||| Stepping ~*~*~tactically~*~*~ (hiding).
 10569 | Lair:2   | 10569 ||| Stepping ~*~*~tactically~*~*~ (hiding).
 10570 | Lair:2   | 10570 ||| Stepping ~*~*~tactically~*~*~ (hiding).
 10571 | Lair:2   | 10571 ||| Stepping ~*~*~tactically~*~*~ (hiding).
 10578 | Lair:2   | 10578 ||| INVOKING Heroism.
 10579 | Lair:2   | Killed Fannar
 10697 | Lair:2   | 10697 ||| Stepping ~*~*~tactically~*~*~ (stealth).
 10718 | Lair:2   | 10718 ||| INVOKING Heroism.
 10732 | Lair:2   | Reached *** piety under Okawaru
 10780 | Lair:2   | Found a frozen archway.
 11029 | Lair:2   | 11029 ||| UPGRADING to +0 pair of boots.
 11034 | Lair:2   | 11034 ||| READING scroll labelled FACVAS ZIANOLE.
 11035 | Lair:2   | 11035 ||| READING scroll labelled UVVECO DORUXO.
 11234 | Lair:3   | 11234 ||| INVOKING Heroism.
 11310 | Lair:3   | Reached **** piety under Okawaru
 11311 | Lair:3   | Reached XP level 13. HP: 80/84 MP: 12/12
 11318 | Lair:3   | 11318 ||| READING scroll of enchant armour.
 11318 | Lair:3   | 11318 ||| ENCHANTING +1 helmet.
 11410 | Lair:3   | 11410 ||| INVOKING Heroism.
 11411 | Lair:3   | 11411 ||| SWAPPING to +2 morningstar of freezing.
 11416 | Lair:3   | Reached skill level 5 in Invocations
 11420 | Lair:3   | Noticed a dire elephant
 11430 | Lair:3   | 11430 ||| SWAPPING to +0 broad axe.
 11448 | Lair:3   | HP: 20/84 [dire elephant (16)]
 11449 | Lair:3   | 11449 ||| READING 2 scrolls of teleportation.
 11450 | Lair:3   | 11450 ||| DRINKING 6 potions of heal wounds.
 11451 | Lair:3   | 11451 ||| INVOKING Heroism.
 11453 | Lair:3   | Killed a dire elephant
 11460 | Lair:3   | Reached ***** piety under Okawaru
 11461 | Lair:3   | Reached skill level 6 in Invocations
 11532 | Lair:3   | 11532 ||| INVOKING Heroism.
 11592 | Lair:3   | Found a hole to the Spider Nest.
 11593 | Lair:3   | 11593 ||| INVOKING Heroism.
 11682 | Lair:3   | 11682 ||| INVOKING Heroism.
 11686 | Lair:3   | 11686 ||| SWAPPING to +2 morningstar of freezing.
 11690 | Lair:3   | 11690 ||| SWAPPING to +0 broad axe.
 11851 | Lair:3   | 11851 ||| INVOKING Heroism.
 11901 | Lair:3   | Reached skill level 7 in Invocations
 11957 | Lair:3   | 11957 ||| Stepping ~*~*~tactically~*~*~ (hiding).
 11970 | Lair:3   | 11970 ||| Stepping ~*~*~tactically~*~*~ (stealth).
 11972 | Lair:3   | 11972 ||| Stepping ~*~*~tactically~*~*~ (stealth).
 11974 | Lair:3   | 11974 ||| Stepping ~*~*~tactically~*~*~ (stealth).
 11976 | Lair:3   | 11976 ||| Stepping ~*~*~tactically~*~*~ (stealth).
 11978 | Lair:3   | 11978 ||| Stepping ~*~*~tactically~*~*~ (stealth).
 11980 | Lair:3   | 11980 ||| Stepping ~*~*~tactically~*~*~ (stealth).
 11982 | Lair:3   | 11982 ||| Stepping ~*~*~tactically~*~*~ (stealth).
 11984 | Lair:3   | 11984 ||| Stepping ~*~*~tactically~*~*~ (stealth).
 11986 | Lair:3   | 11986 ||| Stepping ~*~*~tactically~*~*~ (stealth).
 11988 | Lair:3   | 11988 ||| Stepping ~*~*~tactically~*~*~ (stealth).
 11990 | Lair:3   | 11990 ||| Stepping ~*~*~tactically~*~*~ (hiding).
 12020 | Lair:3   | 12020 ||| Stepping ~*~*~tactically~*~*~ (hiding).
 12021 | Lair:3   | 12021 ||| Stepping ~*~*~tactically~*~*~ (hiding).
 12022 | Lair:3   | 12022 ||| INVOKING Heroism.
 12023 | Lair:3   | 12023 ||| INVOKING Finesse.
 12047 | Lair:3   | Reached skill level 8 in Invocations
 12205 | Lair:3   | 12205 ||| Stepping ~*~*~tactically~*~*~ (stealth).
 12249 | Lair:3   | 12249 ||| READING scroll of enchant weapon.
 12249 | Lair:3   | 12249 ||| ENCHANTING +0 broad axe.
 12335 | Lair:3   | 12335 ||| INVOKING Heroism.
 12356 | Lair:3   | 12356 ||| INVOKING Heroism.
 12456 | Lair:3   | 12456 ||| UPGRADING to +5 ring of evasion.
 12458 | Lair:3   | 12458 ||| DROPPING ring of positive energy.
 12483 | Lair:4   | 12483 ||| STAIRDANCE
 12501 | Lair:4   | 12501 ||| INVOKING Heroism.
 12596 | Lair:4   | 12596 ||| READING scroll of enchant weapon.
 12596 | Lair:4   | 12596 ||| ENCHANTING +1 broad axe.
 12655 | Lair:4   | 12655 ||| INVOKING Heroism.
 12657 | Lair:4   | 12657 ||| INVOKING Finesse.
 12690 | Lair:4   | Reached skill level 9 in Invocations
 12704 | Lair:4   | Identified the +4 great mace of the Saviour {holy, Will+
                  | Str+8 Int-5 Stlth+} (Okawaru gifted it to you on level 4 of
                  | the Lair of Beasts)
 12704 | Lair:4   | Received a gift from Okawaru
 12705 | Lair:4   | Gained mutation: Your large and strong wings let you fly.
                  | [Gargoyle growth]
 12705 | Lair:4   | Reached XP level 14. HP: 66/90 MP: 10/16
 12734 | Lair:4   | 12734 ||| Stepping ~*~*~tactically~*~*~ (stealth).
 12797 | Lair:4   | 12797 ||| INVOKING Heroism.
 12798 | Lair:4   | 12798 ||| INVOKING Finesse.
 12809 | Lair:4   | 12809 ||| Stepping ~*~*~tactically~*~*~ (cloud).
 12946 | Lair:4   | Reached skill level 15 in Axes
 12985 | Lair:4   | Found a staircase to the Slime Pits.
 12986 | Lair:4   | Found a viscous altar of Jiyva.
 12987 | Lair:4   | 12987 ||| INVOKING Heroism.
 12998 | Lair:4   | 12998 ||| SWAPPING to +2 morningstar of freezing.
 13012 | Lair:4   | Reached skill level 10 in Invocations
 13012 | Lair:4   | 13012 ||| SWAPPING to +2 broad axe.
 13048 | Lair:4   | 13048 ||| Stepping ~*~*~tactically~*~*~ (stealth).
 13050 | Lair:4   | 13050 ||| Stepping ~*~*~tactically~*~*~ (stealth).
 13387 | Lair:4   | 13387 ||| UPGRADING to +2 cloak.
 13397 | Lair:4   | 13397 ||| DROPPING +0 cloak.
 13398 | Lair:4   | 13398 ||| READING 6 scrolls of identify.
 13398 | Lair:4   | 13398 ||| IDENTIFYING murky green potion
 13399 | Lair:4   | 13399 ||| DROPPING potion of brilliance.
 13485 | Lair:4   | 13485 ||| INVOKING Heroism.
 13658 | Lair:5   | Entered Level 5 of the Lair of Beasts
 13663 | Lair:5   | 13663 ||| STAIRDANCE
 13765 | Lair:5   | 13765 ||| STAIRDANCE
 13768 | Lair:4   | Reached skill level 12 in Fighting
 14106 | Lair:5   | 14106 ||| INVOKING Heroism.
 14153 | Lair:5   | 14153 ||| INVOKING Finesse.
 14159 | Lair:5   | 14159 ||| SWAPPING to +2 morningstar of freezing.
 14162 | Lair:5   | 14162 ||| SWAPPING to +2 broad axe.
 14419 | Lair:5   | 14419 ||| PLANNING D:1-11
 14675 | D:11     | Reached skill level 12 in Armour
 14726 | D:11     | 14726 ||| INVOKING Heroism.
 14774 | D:11     | 14774 ||| Stepping ~*~*~tactically~*~*~ (hiding).
 14796 | D:11     | Identified the +4 rapier of Naifumma {speed, Int+5 Dex-2}
 14863 | D:11     | 14863 ||| READING scroll of enchant weapon.
 14863 | D:11     | 14863 ||| ENCHANTING +2 broad axe.
 15455 | D:11     | 15455 ||| PLANNING D
 15499 | D:12     | 15499 ||| Stepping ~*~*~tactically~*~*~ (hiding).
 15697 | D:12     | 15697 ||| FLEEEEING.
 15842 | D:12     | Found an iron altar of Okawaru.
 16162 | D:13     | Identified the +10 battleaxe "Dragonslayer" {freeze, Will+
                  | Int+6} (Okawaru gifted it to you on level 13 of the
                  | Dungeon)
 16162 | D:13     | Received a gift from Okawaru
 16439 | D:13     | 16439 ||| Stepping ~*~*~tactically~*~*~ (stealth).
 16441 | D:13     | 16441 ||| Stepping ~*~*~tactically~*~*~ (stealth).
 16443 | D:13     | 16443 ||| Stepping ~*~*~tactically~*~*~ (stealth).
 16445 | D:13     | 16445 ||| Stepping ~*~*~tactically~*~*~ (stealth).
 16447 | D:13     | 16447 ||| Stepping ~*~*~tactically~*~*~ (stealth).
 16449 | D:13     | 16449 ||| Stepping ~*~*~tactically~*~*~ (stealth).
 16451 | D:13     | 16451 ||| Stepping ~*~*~tactically~*~*~ (stealth).
 16453 | D:13     | 16453 ||| Stepping ~*~*~tactically~*~*~ (stealth).
 16455 | D:13     | 16455 ||| Stepping ~*~*~tactically~*~*~ (stealth).
 16457 | D:13     | 16457 ||| Stepping ~*~*~tactically~*~*~ (stealth).
 16477 | D:13     | 16477 ||| INVOKING Heroism.
 16480 | D:13     | 16480 ||| INVOKING Finesse.
 16620 | D:13     | 16620 ||| Stepping ~*~*~tactically~*~*~ (stealth).
 16629 | D:13     | 16629 ||| Stepping ~*~*~tactically~*~*~ (stealth).
 16631 | D:13     | 16631 ||| Stepping ~*~*~tactically~*~*~ (hiding).
 16993 | D:13     | 16993 ||| Stepping ~*~*~tactically~*~*~ (hiding).
 17036 | D:13     | 17036 ||| INVOKING Heroism.
 17146 | D:13     | 17146 ||| INVOKING Heroism.
 17147 | D:13     | 17147 ||| SWAPPING to +2 morningstar of freezing.
 17153 | D:13     | 17153 ||| SWAPPING to +3 broad axe.
 17489 | D:13     | 17489 ||| DROPPING amulet of the acrobat.
 17490 | D:13     | 17490 ||| READING scroll labelled EBA POIKOD.
 17595 | D:14     | Found a gate to the Vaults.
 17667 | D:14     | Found Taur's General Store.
 17749 | D:14     | 17749 ||| INVOKING Heroism.
 17752 | D:14     | Received a gift from Okawaru
 17755 | D:14     | Reached XP level 15. HP: 63/96 MP: 15/18
 17798 | D:14     | Found Suoxzirch's Weapon Shop.
 17888 | D:14     | Found Wowetted's Antique Armour Shop.
 17904 | D:14     | 17904 ||| INVOKING Heroism.
 18027 | D:14     | Found a hazy altar of Hepliaklqana.
 18237 | D:14     | Found Gualit's Assorted Antiques.
 18240 | D:14     | 18240 ||| BUYING pair of embroidered gloves (300 gold).
 18240 | D:14     | Bought a pair of embroidered gloves for 300 gold pieces
 18240 | D:14     | 18240 ||| BUYING scroll labelled XOZXET LISUA (40 gold).
 18240 | D:14     | Bought a scroll labelled XOZXET LISUA for 40 gold pieces
 18310 | D:14     | 18310 ||| DROPPING +1 pair of gloves of hurling.
 18311 | D:14     | 18311 ||| READING scroll labelled XOZXET LISUA.
 18359 | D:15     | Entered Level 15 of the Dungeon
 18369 | D:15     | 18369 ||| Stepping ~*~*~tactically~*~*~ (stealth).
 18370 | D:15     | 18370 ||| Stepping ~*~*~tactically~*~*~ (stealth).
 18374 | D:15     | 18374 ||| INVOKING Heroism.
 18413 | D:15     | 18413 ||| INVOKING Finesse.
 18417 | D:15     | Identified the +2 ring mail of Catuiz {rC+ Regen+ Str+2
                  | Dex+2} (Okawaru gifted it to you on level 15 of the
                  | Dungeon)
 18417 | D:15     | Received a gift from Okawaru
 18424 | D:15     | Reached skill level 3 in Throwing
 18494 | D:15     | Found an opulent altar of Gozag.
 18497 | D:15     | 18497 ||| READING scroll of enchant weapon.
 18497 | D:15     | 18497 ||| ENCHANTING +3 vampiric broad axe.
 18539 | D:15     | Found a staircase to the Depths.
 18630 | D:15     | 18630 ||| INVOKING Heroism.
 18805 | D:15     | 18805 ||| DROPPING +1 chain mail of cold resistance.
 18806 | D:15     | 18806 ||| UPGRADING to +2 ring mail of Catuiz {rC+ Regen+
                  | Str+2 Dex+2}.
 19031 | D:15     | 19031 ||| Stepping ~*~*~tactically~*~*~ (hiding).
 19032 | D:15     | 19032 ||| Stepping ~*~*~tactically~*~*~ (hiding).
 19048 | D:14     | 19048 ||| Stepping randomly (stuck).
 19102 | D:15     | 19102 ||| Stepping ~*~*~tactically~*~*~ (stealth).
 19103 | D:15     | 19103 ||| Stepping ~*~*~tactically~*~*~ (stealth).
 19142 | D:15     | 19142 ||| Stepping ~*~*~tactically~*~*~ (stealth).
 19144 | D:15     | 19144 ||| Stepping ~*~*~tactically~*~*~ (stealth).
 19145 | D:15     | 19145 ||| Stepping ~*~*~tactically~*~*~ (stealth).
 19148 | D:15     | 19148 ||| INVOKING Heroism.
 19149 | D:15     | 19149 ||| Stepping ~*~*~tactically~*~*~ (stealth).
 19150 | D:15     | 19150 ||| Stepping ~*~*~tactically~*~*~ (stealth).
 19152 | D:15     | 19152 ||| INVOKING Finesse.
 19158 | D:15     | 19158 ||| SWAPPING to +2 morningstar of freezing.
 19164 | D:15     | 19164 ||| Stepping ~*~*~tactically~*~*~ (hiding).
 19165 | D:15     | 19165 ||| SWAPPING to +4 vampiric broad axe.
 19168 | D:15     | 19168 ||| Stepping ~*~*~tactically~*~*~ (hiding).
 19169 | D:15     | 19169 ||| Stepping ~*~*~tactically~*~*~ (hiding).
 19173 | D:15     | 19173 ||| INVOKING Heroism.
 19280 | D:15     | 19280 ||| PLANNING ORC
 19390 | Orc:1    | Entered Level 1 of the Orcish Mines
 19423 | Orc:2    | Entered Level 2 of the Orcish Mines
 19442 | Orc:2    | 19442 ||| INVOKING Heroism.
 19451 | Orc:2    | Reached skill level 6 in Dodging
 19460 | Orc:2    | 19460 ||| Stepping ~*~*~tactically~*~*~ (stealth).
 19464 | Orc:2    | 19464 ||| Stepping ~*~*~tactically~*~*~ (stealth).
 19466 | Orc:2    | 19466 ||| Stepping ~*~*~tactically~*~*~ (hiding).
 19480 | Orc:2    | 19480 ||| Stepping ~*~*~tactically~*~*~ (stealth).
 19482 | Orc:2    | 19482 ||| Stepping ~*~*~tactically~*~*~ (hiding).
 19503 | Orc:2    | 19503 ||| INVOKING Heroism.
 19546 | Orc:2    | 19546 ||| Stepping ~*~*~tactically~*~*~ (stealth).
 19549 | Orc:2    | 19549 ||| Stepping ~*~*~tactically~*~*~ (hiding).
 19551 | Orc:2    | 19551 ||| Stepping ~*~*~tactically~*~*~ (stealth).
 19553 | Orc:2    | 19553 ||| INVOKING Heroism.
 19554 | Orc:2    | Found Ypharic's General Store.
 19588 | Orc:2    | 19588 ||| BUYING ring "Huqyrphomo" {Ice Contam Will+ rCorr
                  | Int+3} (614 gold).
 19588 | Orc:2    | Bought the ring "Huqyrphomo" {Ice Contam Will+ rCorr Int+3}
                  | for 614 gold pieces
 19588 | Orc:2    | 19588 ||| BUYING scroll of enchant weapon (105 gold).
 19588 | Orc:2    | Bought a scroll of enchant weapon for 105 gold pieces
 19588 | Orc:2    | 19588 ||| BUYING scroll of identify (28 gold).
 19588 | Orc:2    | Bought a scroll of identify for 28 gold pieces
 19588 | Orc:2    | 19588 ||| SHOPLISTING scroll of teleportation (42 gold,
                  | have 21).
 19588 | Orc:2    | 19588 ||| READING scroll of enchant weapon.
 19588 | Orc:2    | 19588 ||| ENCHANTING +4 vampiric broad axe.
 19620 | Orc:2    | 19620 ||| DROPPING ring of ice.
 19629 | Orc:1    | Noticed Nergalle
 19636 | Orc:1    | 19636 ||| INVOKING Heroism.
 19642 | Orc:1    | Killed Nergalle
 19821 | Orc:2    | Noticed an orc warlord
 19822 | Orc:2    | 19822 ||| INVOKING Heroism.
 19841 | Orc:2    | Killed an orc warlord
 19881 | Orc:2    | 19881 ||| INVOKING Heroism.
 19950 | Orc:2    | Found Vosh's Antique Armour Shoppe.
 19964 | Orc:2    | 19964 ||| DROPPING +0 hand axe.
 19977 | Orc:2    | 19977 ||| Stepping ~*~*~tactically~*~*~ (stealth).
 19981 | Orc:2    | Found Ceoff's Antique Weapon Shop.
 19982 | Orc:2    | 19982 ||| Stepping ~*~*~tactically~*~*~ (stealth).
 19985 | Orc:2    | 19985 ||| INVOKING Heroism.
 19987 | Orc:2    | Found a staircase to the Elven Halls.
 19998 | Orc:2    | Found Nehidghuxt's Jewellery Shoppe.
 20017 | Orc:2    | 20017 ||| INVOKING Heroism.
 20071 | Orc:2    | 20071 ||| BUYING +6 ring of strength (432 gold).
 20071 | Orc:2    | Bought a +6 ring of strength for 432 gold pieces
 20071 | Orc:2    | 20071 ||| SHOPLISTING amulet of faith (480 gold, have 7).
 20071 | Orc:2    | 20071 ||| SHOPLISTING amulet of reflection (360 gold, have
                  | 7).
 20071 | Orc:2    | 20071 ||| SHOPLISTING ring of protection from cold (300
                  | gold, have 7).
 20165 | Orc:2    | 20165 ||| UPGRADING to +3 plate armour.
 20175 | Orc:2    | 20175 ||| DROPPING +0 plate armour.
 20176 | Orc:2    | 20176 ||| DROPPING ring of see invisible.
 20181 | Orc:1    | 20181 ||| Stepping ~*~*~tactically~*~*~ (stealth).
 20202 | Orc:1    | Received a gift from Okawaru
 20507 | Orc:2    | 20507 ||| PLANNING SWAMP:1-3
 20604 | Swamp:1  | Entered Level 1 of the Swamp
 20646 | Swamp:1  | 20646 ||| INVOKING Heroism.
 20664 | Swamp:1  | Reached XP level 16. HP: 90/103 MP: 18/18
 20674 | Swamp:1  | 20674 ||| Stepping ~*~*~tactically~*~*~ (cloud).
 20745 | Swamp:1  | 20745 ||| READING scroll of enchant weapon.
 20745 | Swamp:1  | 20745 ||| ENCHANTING +5 vampiric broad axe.
 20784 | Swamp:1  | 20784 ||| INVOKING Heroism.
 20787 | Swamp:1  | 20787 ||| SWAPPING to +2 morningstar of freezing.
 20792 | Swamp:1  | 20792 ||| SWAPPING to +6 vampiric broad axe.
 20793 | Swamp:1  | 20793 ||| Stepping ~*~*~tactically~*~*~ (stealth).
 21061 | Swamp:2  | 21061 ||| Stepping ~*~*~tactically~*~*~ (hiding).
 21063 | Swamp:2  | 21063 ||| Stepping ~*~*~tactically~*~*~ (hiding).
 21066 | Swamp:2  | 21066 ||| INVOKING Heroism.
 21112 | Swamp:2  | 21112 ||| Stepping ~*~*~tactically~*~*~ (hiding).
 21131 | Swamp:2  | 21131 ||| INVOKING Heroism.
 21203 | Swamp:2  | Noticed Aizul
 21204 | Swamp:2  | 21204 ||| Stepping ~*~*~tactically~*~*~ (stealth).
 21206 | Swamp:2  | 21206 ||| Stepping ~*~*~tactically~*~*~ (stealth).
 21207 | Swamp:2  | 21207 ||| INVOKING Heroism.
 21230 | Swamp:2  | Killed Aizul
 21249 | Swamp:2  | Identified the +0 pair of boots of Lifelessness {rC- Str-4
                  | Dex+7}
 21250 | Swamp:2  | 21250 ||| Stepping ~*~*~tactically~*~*~ (stealth).
 21251 | Swamp:2  | 21251 ||| Stepping ~*~*~tactically~*~*~ (stealth).
 21253 | Swamp:2  | 21253 ||| Stepping ~*~*~tactically~*~*~ (hiding).
 21308 | Swamp:2  | 21308 ||| Stepping ~*~*~tactically~*~*~ (stealth).
 21310 | Swamp:2  | 21310 ||| INVOKING Heroism.
 21316 | Swamp:2  | Received a gift from Okawaru
 21473 | Swamp:2  | 21473 ||| READING scroll of enchant armour.
 21473 | Swamp:2  | 21473 ||| ENCHANTING +0 pair of boots.
 21633 | Swamp:2  | 21633 ||| DROPPING +0 pair of boots of Lifelessness {rC-
                  | Str-4 Dex+7}.
 21634 | Swamp:2  | 21634 ||| READING 9 scrolls of identify.
 21634 | Swamp:2  | 21634 ||| IDENTIFYING bubbling pink potion
 21635 | Swamp:2  | 21635 ||| DRINKING potion of experience.
 21635 | Swamp:2  | Reached XP level 17. HP: 108/108 MP: 19/19
 21655 | Swamp:3  | 21655 ||| INVOKING Heroism.
 21664 | Swamp:3  | 21664 ||| SWAPPING to +2 morningstar of freezing.
 21665 | Swamp:3  | 21665 ||| SWAPPING to +6 vampiric broad axe.
 21667 | Swamp:3  | 21667 ||| SWAPPING to +2 morningstar of freezing.
 21676 | Swamp:3  | 21676 ||| SWAPPING to +6 vampiric broad axe.
 21710 | Swamp:3  | 21710 ||| INVOKING Heroism.
 21718 | Swamp:3  | 21718 ||| Stepping ~*~*~tactically~*~*~ (hiding).
 21809 | Swamp:3  | 21809 ||| INVOKING Heroism.
 21830 | Swamp:3  | 21830 ||| SWAPPING to +2 morningstar of freezing.
 21834 | Swamp:3  | 21834 ||| SWAPPING to +6 vampiric broad axe.
 21835 | Swamp:3  | 21835 ||| Stepping ~*~*~tactically~*~*~ (hiding).
 21974 | Swamp:3  | 21974 ||| READING scroll of enchant weapon.
 21974 | Swamp:3  | 21974 ||| ENCHANTING +6 vampiric broad axe.
 22336 | Swamp:3  | 22336 ||| PLANNING SPIDER:1-3
 22443 | Spider:1 | Entered Level 1 of the Spider Nest
 22445 | Spider:1 | 22445 ||| Stepping ~*~*~tactically~*~*~ (hiding).
 22467 | Spider:1 | Reached skill level 18 in Axes
 22611 | Spider:1 | 22611 ||| Stepping ~*~*~tactically~*~*~ (stealth).
 22615 | Spider:1 | 22615 ||| Stepping ~*~*~tactically~*~*~ (stealth).
 22617 | Spider:1 | 22617 ||| INVOKING Heroism.
 22637 | Spider:1 | Reached skill level 9 in Shields
 22645 | Spider:1 | 22645 ||| Stepping ~*~*~tactically~*~*~ (stealth).
 22685 | Spider:1 | 22685 ||| Stepping ~*~*~tactically~*~*~ (stealth).
 22704 | Spider:1 | 22704 ||| Stepping ~*~*~tactically~*~*~ (stealth).
 22707 | Spider:1 | 22707 ||| INVOKING Heroism.
 22879 | Spider:1 | 22879 ||| Stepping ~*~*~tactically~*~*~ (stealth).
 22914 | Spider:1 | 22914 ||| Stepping ~*~*~tactically~*~*~ (stealth).
 22965 | Spider:1 | 22965 ||| READING scroll of enchant weapon.
 22965 | Spider:1 | 22965 ||| ENCHANTING +7 vampiric broad axe.
 23124 | Spider:1 | 23124 ||| Stepping ~*~*~tactically~*~*~ (stealth).
 23200 | Spider:1 | 23200 ||| Stepping ~*~*~tactically~*~*~ (stealth).
 23265 | Spider:1 | 23265 ||| INVOKING Heroism.
 23389 | Spider:1 | 23389 ||| DROPPING +4 ring of protection.
 23410 | Spider:2 | 23410 ||| INVOKING Heroism.
 23429 | Spider:2 | Received a gift from Okawaru
 23560 | Spider:2 | 23560 ||| Stepping ~*~*~tactically~*~*~ (stealth).
 23583 | Spider:2 | 23583 ||| Stepping ~*~*~tactically~*~*~ (stealth).
 23585 | Spider:2 | 23585 ||| Stepping ~*~*~tactically~*~*~ (stealth).
 23604 | Spider:2 | 23604 ||| Stepping ~*~*~tactically~*~*~ (stealth).
 23629 | Spider:2 | Received a gift from Okawaru
 23678 | Spider:2 | Identified the +7 war axe of the Girdle {heavy, Str+5}
 23680 | Spider:2 | 23680 ||| DROPPING +1 war axe of venom.
 23713 | Spider:2 | 23713 ||| INVOKING Heroism.
 23808 | Spider:2 | 23808 ||| Stepping ~*~*~tactically~*~*~ (stealth).
 23878 | Spider:2 | Reached XP level 18. HP: 117/117 MP: 0/20
 23878 | Spider:2 | 23878 ||| DROPPING +2 morningstar of freezing.
 23879 | Spider:2 | 23879 ||| DROPPING +1 morningstar "Zoqil" {flame, Fragile
                  | rF+ Will+}.
 24129 | Spider:2 | 24129 ||| READING scroll of enchant armour.
 24129 | Spider:2 | 24129 ||| ENCHANTING +1 pair of boots.
 24205 | Spider:2 | Identified the +3 ring mail of Saipir {Rampage}
 24459 | Spider:3 | 24459 ||| INVOKING Heroism.
 24482 | Spider:3 | 24482 ||| Stepping ~*~*~tactically~*~*~ (stealth).
 24500 | Spider:3 | 24500 ||| FLEEEEING.
 24503 | Spider:3 | 24503 ||| FLEEEEING.
 24504 | Spider:3 | 24504 ||| FLEEEEING.
 24505 | Spider:3 | 24505 ||| FLEEEEING.
 24506 | Spider:3 | 24506 ||| FLEEEEING.
 24507 | Spider:3 | 24507 ||| FLEEEEING.
 24508 | Spider:3 | 24508 ||| STAIRDANCE
 24512 | Spider:3 | 24512 ||| STAIRDANCE
 24547 | Spider:3 | 24547 ||| INVOKING Heroism.
 24627 | Spider:3 | 24627 ||| Stepping ~*~*~tactically~*~*~ (stealth).
 24659 | Spider:3 | 24659 ||| Stepping ~*~*~tactically~*~*~ (stealth).
 24679 | Spider:3 | 24679 ||| Stepping ~*~*~tactically~*~*~ (stealth).
 24724 | Spider:3 | 24724 ||| Stepping ~*~*~tactically~*~*~ (stealth).
 24808 | Spider:3 | Reached skill level 15 in Fighting
 24874 | Spider:3 | 24874 ||| Stepping ~*~*~tactically~*~*~ (hiding).
 24898 | Spider:3 | Identified the +5 plate armour of the Northern Lights
                  | {Will++} (Okawaru gifted it to you on level 3 of the Spider
                  | Nest)
 24898 | Spider:3 | Received a gift from Okawaru
 25219 | Spider:3 | 25219 ||| Stepping ~*~*~tactically~*~*~ (stealth).
 25221 | Spider:3 | 25221 ||| Stepping ~*~*~tactically~*~*~ (stealth).
 25377 | Spider:3 | 25377 ||| INVOKING Finesse.
 25442 | Spider:3 | Noticed Bai Suzhen
 25443 | Spider:3 | 25443 ||| INVOKING Heroism.
 25475 | Spider:3 | Killed Bai Suzhen
 25482 | Spider:3 | 25482 ||| INVOKING Heroism.
 25692 | Spider:3 | 25692 ||| Stepping ~*~*~tactically~*~*~ (stealth).
 25989 | Spider:3 | 25989 ||| Stepping ~*~*~tactically~*~*~ (stealth).
 25995 | Spider:3 | Reached skill level 15 in Armour
 26248 | Spider:3 | 26248 ||| PLANNING SWAMP:4
 26248 | Spider:3 | 26248 ||| UPGRADING to +5 plate armour of the Northern
                  | Lights {Will++}.
 26258 | Spider:3 | 26258 ||| DROPPING +3 plate armour.
 26259 | Spider:3 | 26259 ||| DROPPING +2 ring mail of Catuiz {rC+ Regen+ Str+2
                  | Dex+2}.
 26412 | Swamp:4  | Entered Level 4 of the Swamp
 26536 | Swamp:4  | 26536 ||| INVOKING Heroism.
 26585 | Swamp:4  | 26585 ||| Stepping ~*~*~tactically~*~*~ (hiding).
 26590 | Swamp:4  | 26590 ||| Stepping ~*~*~tactically~*~*~ (stealth).
 26594 | Swamp:4  | 26594 ||| Stepping ~*~*~tactically~*~*~ (stealth).
 26596 | Swamp:4  | 26596 ||| INVOKING Heroism.
 26622 | Swamp:4  | 26622 ||| Stepping ~*~*~tactically~*~*~ (stealth).
 26624 | Swamp:4  | 26624 ||| Stepping ~*~*~tactically~*~*~ (hiding).
 26649 | Swamp:4  | Reached skill level 9 in Throwing
 26650 | Swamp:4  | 26650 ||| INVOKING Heroism.
 26703 | Swamp:4  | 26703 ||| Stepping ~*~*~tactically~*~*~ (hiding).
 26706 | Swamp:4  | 26706 ||| INVOKING Heroism.
 26721 | Swamp:4  | 26721 ||| Stepping ~*~*~tactically~*~*~ (stealth).
 26723 | Swamp:4  | 26723 ||| Stepping ~*~*~tactically~*~*~ (hiding).
 26854 | Swamp:4  | 26854 ||| INVOKING Heroism.
 27096 | Swamp:4  | 27096 ||| INVOKING Heroism.
 27132 | Swamp:4  | 27132 ||| Stepping ~*~*~tactically~*~*~ (hiding).
 27296 | Swamp:4  | 27296 ||| Stepping ~*~*~tactically~*~*~ (stealth).
 27313 | Swamp:4  | Got a decaying rune of Zot
 27334 | Swamp:4  | 27334 ||| PLANNING VAULTS:1-4
 27356 | Swamp:4  | 27356 ||| Stepping ~*~*~tactically~*~*~ (stealth).
 27560 | Vaults:1 | Entered Level 1 of the Vaults
 27627 | Vaults:1 | 27627 ||| Stepping ~*~*~tactically~*~*~ (hiding).
 27648 | Vaults:1 | 27648 ||| Stepping ~*~*~tactically~*~*~ (stealth).
 27651 | Vaults:1 | 27651 ||| Stepping ~*~*~tactically~*~*~ (stealth).
 27652 | Vaults:1 | 27652 ||| Stepping ~*~*~tactically~*~*~ (stealth).
 27654 | Vaults:1 | 27654 ||| Stepping ~*~*~tactically~*~*~ (stealth).
 27656 | Vaults:1 | 27656 ||| INVOKING Heroism.
 27657 | Vaults:1 | 27657 ||| Stepping ~*~*~tactically~*~*~ (stealth).
 27799 | Vaults:1 | 27799 ||| INVOKING Heroism.
 27801 | Vaults:1 | Reached XP level 19. HP: 124/125 MP: 18/21
 27848 | Vaults:1 | Received a gift from Okawaru
 28037 | Vaults:1 | Received a gift from Okawaru
 28050 | Vaults:1 | 28050 ||| DROPPING +5 war axe of venom.
 28218 | Vaults:1 | 28218 ||| INVOKING Heroism.
 28219 | Vaults:1 | 28219 ||| INVOKING Finesse.
 28864 | Vaults:2 | 28864 ||| Stepping ~*~*~tactically~*~*~ (stealth).
 28866 | Vaults:2 | 28866 ||| Stepping ~*~*~tactically~*~*~ (hiding).
 28871 | Vaults:2 | 28871 ||| INVOKING Heroism.
 28872 | Vaults:2 | 28872 ||| INVOKING Finesse.
 28951 | Vaults:2 | 28951 ||| Stepping ~*~*~tactically~*~*~ (hiding).
 29216 | Vaults:2 | Noticed Asterion
 29217 | Vaults:2 | 29217 ||| INVOKING Heroism.
 29218 | Vaults:2 | 29218 ||| INVOKING Finesse.
 29237 | Vaults:2 | Killed Asterion
 29274 | Vaults:2 | 29274 ||| Stepping ~*~*~tactically~*~*~ (stealth).
 29308 | Vaults:2 | Received a gift from Okawaru
 29358 | Vaults:2 | 29358 ||| Stepping ~*~*~tactically~*~*~ (hiding).
 29359 | Vaults:2 | 29359 ||| Stepping ~*~*~tactically~*~*~ (hiding).
 29360 | Vaults:2 | 29360 ||| Stepping ~*~*~tactically~*~*~ (hiding).
 29361 | Vaults:2 | 29361 ||| INVOKING Heroism.
 29362 | Vaults:2 | 29362 ||| INVOKING Finesse.
 29491 | Vaults:2 | 29491 ||| Stepping ~*~*~tactically~*~*~ (hiding).
 29506 | Vaults:2 | Reached skill level 18 in Fighting
 29607 | Vaults:2 | 29607 ||| Stepping ~*~*~tactically~*~*~ (hiding).
 29638 | Vaults:2 | Noticed Saint Roka
 29639 | Vaults:2 | 29639 ||| INVOKING Heroism.
 29640 | Vaults:2 | 29640 ||| INVOKING Finesse.
 29678 | Vaults:2 | Killed Saint Roka
 29722 | Vaults:2 | 29722 ||| Stepping ~*~*~tactically~*~*~ (hiding).
 29771 | Vaults:2 | Reached XP level 20. HP: 136/136 MP: 22/22
 30064 | Vaults:2 | Found Poeme's Weapon Shop.
 30072 | Vaults:2 | 30072 ||| SHOPLISTING +8 broad axe of True Grit {heavy,
                  | rCorr Int+2} (1472 gold, have 971).
 30133 | Vaults:2 | 30133 ||| UPGRADING to +2 kite shield.
 30143 | Vaults:2 | 30143 ||| DROPPING +0 buckler.
 30144 | Vaults:2 | 30144 ||| DROPPING +0 kite shield.
 30179 | Vaults:3 | 30179 ||| Stepping ~*~*~tactically~*~*~ (stealth).
 30288 | Vaults:3 | Found a staircase to the Crypt.
 30328 | Vaults:3 | Received a gift from Okawaru
 30339 | Vaults:3 | Reached skill level 12 in Shields
 30354 | Vaults:3 | 30354 ||| Stepping ~*~*~tactically~*~*~ (hiding).
 30383 | Vaults:3 | 30383 ||| READING scroll of enchant weapon.
 30383 | Vaults:3 | 30383 ||| ENCHANTING +8 vampiric broad axe.
 30402 | Vaults:3 | 30402 ||| Stepping ~*~*~tactically~*~*~ (hiding).
 30403 | Vaults:3 | 30403 ||| Stepping ~*~*~tactically~*~*~ (hiding).
 30404 | Vaults:3 | 30404 ||| Stepping ~*~*~tactically~*~*~ (hiding).
 30405 | Vaults:3 | 30405 ||| Stepping ~*~*~tactically~*~*~ (hiding).
 30423 | Vaults:3 | Received a gift from Okawaru
 30468 | Vaults:3 | Noticed Donald
 30475 | Abyss:3  | Found a corrupted altar of Lugonu.
 30475 | Abyss:3  | Cast into level 3 of the Abyss (Donald)
 30553 | Abyss:3  | Found a shadowy altar of Dithmenos.
 30599 | Abyss:3  | 30599 ||| Stepping ~*~*~tactically~*~*~ (stealth).
 30600 | Abyss:3  | 30600 ||| Stepping ~*~*~tactically~*~*~ (stealth).
 30605 | Abyss:3  | 30605 ||| INVOKING Heroism.
 30707 | Abyss:3  | Noticed a bone dragon
 30724 | Abyss:3  | 30724 ||| INVOKING Heroism.
 30727 | Abyss:3  | Received a gift from Okawaru
 30736 | Abyss:3  | Killed a bone dragon
 30759 | Abyss:3  | 30759 ||| Stepping ~*~*~tactically~*~*~ (stealth).
 30761 | Abyss:3  | 30761 ||| Stepping ~*~*~tactically~*~*~ (stealth).
 30825 | Abyss:3  | 30825 ||| Stepping ~*~*~tactically~*~*~ (stealth).
 30827 | Abyss:3  | 30827 ||| Stepping ~*~*~tactically~*~*~ (hiding).
 30873 | Abyss:3  | Paralysed by accursed screaming for 1 turns
 30875 | Abyss:3  | 30875 ||| INVOKING Heroism.
 30878 | Abyss:3  | Paralysed by accursed screaming for 1 turns
 30881 | Vaults:3 | Escaped the Abyss
 30902 | Vaults:3 | Killed Donald
 30903 | Vaults:3 | 30903 ||| INVOKING Heroism.
 30951 | Vaults:3 | 30951 ||| Stepping ~*~*~tactically~*~*~ (hiding).
 30964 | Vaults:3 | Received a gift from Okawaru
 31009 | Vaults:3 | Noticed Frederick
 31010 | Vaults:3 | 31010 ||| Stepping ~*~*~tactically~*~*~ (hiding).
 31015 | Vaults:3 | 31015 ||| INVOKING Heroism.
 31016 | Vaults:3 | 31016 ||| INVOKING Finesse.
 31027 | Vaults:3 | Killed Frederick
 31077 | Vaults:3 | Identified the +4 plate armour of Resilience {Slay+3}
                  | (Okawaru gifted it to you on level 3 of the Vaults)
 31077 | Vaults:3 | Received a gift from Okawaru
 31092 | Vaults:3 | 31092 ||| Stepping ~*~*~tactically~*~*~ (hiding).
 31098 | Vaults:3 | Reached skill level 15 in Shields
 31315 | Vaults:3 | 31315 ||| Stepping ~*~*~tactically~*~*~ (hiding).
 31316 | Vaults:3 | 31316 ||| Stepping ~*~*~tactically~*~*~ (hiding).
 31457 | Vaults:3 | 31457 ||| Stepping ~*~*~tactically~*~*~ (stealth).
 31629 | Vaults:3 | 31629 ||| Stepping ~*~*~tactically~*~*~ (stealth).
 31631 | Vaults:3 | 31631 ||| Stepping ~*~*~tactically~*~*~ (hiding).
 31642 | Vaults:3 | 31642 ||| Stepping ~*~*~tactically~*~*~ (hiding).
 32113 | Vaults:3 | 32113 ||| DROPPING +4 chain mail of cold resistance.
 32114 | Vaults:3 | 32114 ||| DROPPING +7 plate armour of ponderousness.
 32143 | Vaults:4 | 32143 ||| PLANNING DESOLATION
 32143 | Vaults:4 | 32143 ||| Stepping ~*~*~tactically~*~*~ (hiding).
 32144 | Vaults:4 | 32144 ||| Stepping ~*~*~tactically~*~*~ (hiding).
 32153 | Vaults:4 | 32153 ||| INVOKING Heroism.
 32201 | Vaults:4 | Found a crumbling gateway.
 32231 | Vaults:4 | Found a white marble altar of Elyvilon.
 32231 | Vaults:4 | Found a glowing silver altar of Zin.
 32231 | Vaults:4 | Found a glowing golden altar of the Shining One.
 32238 | Desolati | Entered the Desolation of Salt
 32276 | Desolati | Identified the ring "Ehaylexto" {rElec Will+ Int-4 Dex+2}
 32400 | Desolati | 32400 ||| Stepping ~*~*~tactically~*~*~ (stealth).
 32414 | Desolati | Reached XP level 21. HP: 136/141 MP: 22/22
 32452 | Desolati | Reached skill level 18 in Armour
 32481 | Desolati | 32481 ||| Stepping ~*~*~tactically~*~*~ (stealth).
 32536 | Desolati | Identified the ring of the Failed Coup {Contam rN+++ Will+
                  | rCorr Int+5}
 32557 | Desolati | 32557 ||| DRINKING 12 potions of curing.
 32557 | Desolati | 32557 ||| (to cure confusion)
 32566 | Desolati | Received a gift from Okawaru
 32729 | Desolati | 32729 ||| Stepping ~*~*~tactically~*~*~ (stealth).
 32765 | Desolati | Found the +2 pair of slick slippers {slick, slippery, EV+4}
 32900 | Desolati | 32900 ||| Stepping ~*~*~tactically~*~*~ (stealth).
 32910 | Desolati | 32910 ||| Stepping ~*~*~tactically~*~*~ (stealth).
 32937 | Desolati | Identified the ring of Wopsudot {Int+4 Slay+4 Stlth-}
 32986 | Desolati | 32986 ||| DROPPING +0 helmet of intelligence.
 32987 | Desolati | 32987 ||| UPGRADING to +2 pair of slick slippers {slick,
                  | slippery, EV+4}.
 32997 | Desolati | 32997 ||| DROPPING +2 pair of boots.
 33006 | Desolati | 33006 ||| DROPPING ring "Ehaylexto" {rElec Will+ Int-4
                  | Dex+2}.
 33007 | Desolati | 33007 ||| DROPPING ring of resist corrosion.
 33008 | Desolati | 33008 ||| DROPPING ring of fire.
 33009 | Desolati | 33009 ||| DROPPING ring of Wopsudot {Int+4 Slay+4 Stlth-}.
 33079 | Vaults:4 | 33079 ||| PLANNING VAULTS:1-4
 33107 | Vaults:4 | 33107 ||| Stepping ~*~*~tactically~*~*~ (stealth).
 33212 | Vaults:4 | 33212 ||| Stepping ~*~*~tactically~*~*~ (hiding).
 33214 | Vaults:4 | 33214 ||| Stepping ~*~*~tactically~*~*~ (hiding).
 33216 | Vaults:4 | 33216 ||| Stepping ~*~*~tactically~*~*~ (hiding).
 33217 | Vaults:4 | 33217 ||| Stepping ~*~*~tactically~*~*~ (hiding).
 33218 | Vaults:4 | 33218 ||| Stepping ~*~*~tactically~*~*~ (hiding).
 33327 | Vaults:4 | Found the +8 mithril axe "Arga" {speed, Will+}
 33341 | Vaults:4 | 33341 ||| DROPPING +7 war axe of the Girdle {heavy, Str+5}.
 33383 | Vaults:4 | 33383 ||| INVOKING Heroism.
 33384 | Vaults:4 | 33384 ||| INVOKING Finesse.
 33385 | Vaults:4 | Found Catuosch's Weapon Shop.
 33394 | Vaults:4 | 33394 ||| Stepping ~*~*~tactically~*~*~ (hiding).
 33395 | Vaults:4 | 33395 ||| Stepping ~*~*~tactically~*~*~ (stealth).
 33396 | Vaults:4 | 33396 ||| Stepping ~*~*~tactically~*~*~ (stealth).
 33641 | Vaults:4 | Found a gateway to a bazaar.
 33642 | Vaults:4 | 33642 ||| PLANNING BAZAAR
 33650 | Bazaar   | Entered a bazaar
 33650 | Bazaar   | Found Getidgh's Weapon Shop.
 33650 | Bazaar   | Found Zuco's Distillery.
 33670 | Bazaar   | 33670 ||| BUYING potion of curing (54 gold).
 33670 | Bazaar   | Bought a potion of curing for 54 gold pieces
 33670 | Bazaar   | 33670 ||| BUYING potion of curing (54 gold).
 33670 | Bazaar   | Bought a potion of curing for 54 gold pieces
 33670 | Bazaar   | 33670 ||| BUYING potion of experience (900 gold).
 33670 | Bazaar   | Bought a potion of experience for 900 gold pieces
 33670 | Bazaar   | 33670 ||| BUYING potion of magic (144 gold).
 33670 | Bazaar   | Bought a potion of magic for 144 gold pieces
 33670 | Bazaar   | 33670 ||| DRINKING potion of experience.
 33670 | Bazaar   | Reached skill level 9 in Dodging
 33670 | Bazaar   | Reached XP level 22. HP: 149/149 MP: 23/23
 33676 | Bazaar   | Found Bimeskiv's Book Shoppe.
 33680 | Bazaar   | Found Annoixtu's Jewellery Shop.
 33685 | Bazaar   | Found Byidwud's Antique Armour Boutique.
 33705 | Vaults:4 | 33705 ||| PLANNING VAULTS:1-4
 33730 | Vaults:4 | 33730 ||| Stepping ~*~*~tactically~*~*~ (hiding).
 33888 | Vaults:4 | Noticed Zenata
 33889 | Vaults:4 | 33889 ||| INVOKING Heroism.
 33890 | Vaults:4 | 33890 ||| INVOKING Finesse.
 33924 | Vaults:4 | 33924 ||| INVOKING Finesse.
 33930 | Vaults:4 | 33930 ||| INVOKING Heroism.
 33945 | Vaults:4 | Killed Zenata
 34331 | Vaults:4 | 34331 ||| INVOKING Heroism.
 34434 | Vaults:4 | 34434 ||| PLANNING SPIDER:4
 34879 | Spider:4 | Entered Level 4 of the Spider Nest
 34908 | Spider:4 | Received a gift from Okawaru
 34920 | Spider:4 | 34920 ||| Stepping ~*~*~tactically~*~*~ (hiding).
 34976 | Spider:4 | Identified the +0 leather armour of a bailey {rF+ Will++}
 34988 | Spider:4 | 34988 ||| Stepping ~*~*~tactically~*~*~ (stealth).
 35031 | Spider:4 | 35031 ||| DRINKING potion of experience.
 35031 | Spider:4 | Reached XP level 23. HP: 156/156 MP: 24/24
 35107 | Spider:4 | Noticed Arachne
 35141 | Spider:4 | Killed Arachne
 35201 | Spider:4 | 35201 ||| Stepping ~*~*~tactically~*~*~ (hiding).
 35202 | Spider:4 | 35202 ||| Stepping ~*~*~tactically~*~*~ (hiding).
 35237 | Spider:4 | 35237 ||| Stepping ~*~*~tactically~*~*~ (hiding).
 35238 | Spider:4 | 35238 ||| Stepping ~*~*~tactically~*~*~ (hiding).
 35239 | Spider:4 | 35239 ||| Stepping ~*~*~tactically~*~*~ (hiding).
 35405 | Spider:4 | Received a gift from Okawaru
 35500 | Spider:4 | 35500 ||| Stepping ~*~*~tactically~*~*~ (stealth).
 35508 | Spider:4 | Noticed Louise
 35509 | Spider:4 | 35509 ||| Stepping ~*~*~tactically~*~*~ (hiding).
 35510 | Spider:4 | 35510 ||| Stepping ~*~*~tactically~*~*~ (hiding).
 35538 | Spider:4 | Killed Louise
 35600 | Spider:4 | 35600 ||| Stepping ~*~*~tactically~*~*~ (stealth).
 35622 | Spider:4 | 35622 ||| Stepping ~*~*~tactically~*~*~ (stealth).
 35668 | Spider:4 | 35668 ||| UPGRADING to +0 tower shield.
 35673 | Spider:4 | 35673 ||| UPGRADING to +2 kite shield.
 35707 | Spider:4 | 35707 ||| UPGRADING to +0 tower shield.
 35717 | Spider:4 | 35717 ||| DROPPING +2 kite shield.
 35817 | Spider:4 | Got a gossamer rune of Zot
 35825 | Spider:4 | 35825 ||| DROPPING +1 pair of gloves of stealth.
 35833 | Spider:4 | 35833 ||| DROPPING scarf of shadows.
 35852 | Spider:4 | Identified the +1 pair of gloves of Paruffal {Harm rN+
                  | Slay+5}
 35951 | Spider:4 | 35951 ||| PLANNING DEPTHS
 36201 | Depths:1 | Entered Level 1 of the Depths
 36203 | Depths:1 | 36203 ||| INVOKING Heroism.
 36204 | Depths:1 | 36204 ||| INVOKING Finesse.
 36205 | Depths:1 | 36205 ||| INVOKING Finesse.
 36364 | Depths:1 | Reached skill level 18 in Shields
 36543 | Depths:1 | Reached XP level 24. HP: 163/163 MP: 24/24
 36607 | Depths:1 | 36607 ||| INVOKING Heroism.
 36631 | Depths:1 | Identified the +1 ring mail of the Known World {rPois}
                  | (Okawaru gifted it to you on level 1 of the Depths)
 36631 | Depths:1 | Received a gift from Okawaru
 36672 | Depths:1 | 36672 ||| Stepping ~*~*~tactically~*~*~ (hiding).
 36809 | Depths:1 | Found a faded altar of an unknown god.
 36809 | Depths:1 | Found a hazy altar of Hepliaklqana.
 36811 | Depths:1 | Found a faded altar of an unknown god.
 36876 | Depths:1 | 36876 ||| Stepping ~*~*~tactically~*~*~ (hiding).
 36889 | Depths:1 | Found a gateway to Hell.
 37009 | Depths:2 | 37009 ||| INVOKING Finesse.
 37128 | Depths:2 | Noticed a juggernaut
 37128 | Depths:2 | 37128 ||| Stepping ~*~*~tactically~*~*~ (hiding).
 37129 | Depths:2 | 37129 ||| INVOKING Heroism.
 37130 | Depths:2 | 37130 ||| INVOKING Finesse.
 37175 | Depths:2 | 37175 ||| Stepping ~*~*~tactically~*~*~ (hiding).
 37263 | Depths:2 | Found a blossoming altar of Fedhas.
 37281 | Depths:2 | Identified the +10 mace of Inquiry {flame, rCorr}
 37297 | Depths:2 | Found a one-way gate leading to the halls of Pandemonium.
 37313 | Depths:2 | 37313 ||| INVOKING Heroism.
 37460 | Depths:2 | Found Vaext's General Store.
 37462 | Depths:2 | 37462 ||| Stepping ~*~*~tactically~*~*~ (hiding).
 37481 | Depths:2 | 37481 ||| SHOPLISTING +0 plate armour "Byarywif" {Rampage
                  | rF+ rC+ Int+3} (804 gold, have 454).
 37481 | Depths:2 | 37481 ||| SHOPLISTING amulet of faith (640 gold, have 454).
 37481 | Depths:2 | 37481 ||| BUYING potion of curing (48 gold).
 37481 | Depths:2 | Bought a potion of curing for 48 gold pieces
 37481 | Depths:2 | 37481 ||| BUYING potion of heal wounds (80 gold).
 37481 | Depths:2 | Bought a potion of heal wounds for 80 gold pieces
 37488 | Depths:2 | Found Cec Zime's Assorted Antiques.
 37492 | Depths:2 | 37492 ||| BUYING potion of curing (102 gold).
 37492 | Depths:2 | Bought a potion of curing for 102 gold pieces
 37492 | Depths:2 | 37492 ||| BUYING potion of enlightenment (170 gold).
 37492 | Depths:2 | Bought a potion of enlightenment for 170 gold pieces
 37544 | Depths:2 | Found a snail-covered altar of Cheibriados.
 37560 | Depths:2 | Found a broken altar of Ashenzari.
 37560 | Depths:2 | Found a shimmering altar of Xom.
 37561 | Depths:2 | Found a glowing golden altar of the Shining One.
 37567 | Depths:2 | 37567 ||| Stepping ~*~*~tactically~*~*~ (hiding).
 37570 | Depths:2 | 37570 ||| INVOKING Heroism.
 37676 | Depths:2 | 37676 ||| Stepping ~*~*~tactically~*~*~ (hiding).
 37677 | Depths:2 | 37677 ||| Stepping ~*~*~tactically~*~*~ (hiding).
 37678 | Depths:2 | 37678 ||| Stepping ~*~*~tactically~*~*~ (hiding).
 37679 | Depths:2 | 37679 ||| Stepping ~*~*~tactically~*~*~ (hiding).
 37689 | Depths:2 | 37689 ||| Stepping ~*~*~tactically~*~*~ (hiding).
 37710 | Depths:2 | Found Enwarph's Antique Armour Emporium.
 37738 | Depths:2 | Identified the amulet "Nurur" {RegenMP *Corrode rC+++ Will+
                  | Regen+}
 37783 | Depths:2 | 37783 ||| Stepping ~*~*~tactically~*~*~ (hiding).
 37784 | Depths:2 | 37784 ||| Stepping ~*~*~tactically~*~*~ (stealth).
 37788 | Depths:2 | Found Jateagh's Armour Shop.
 37790 | Depths:2 | 37790 ||| INVOKING Heroism.
 37892 | Depths:2 | 37892 ||| Stepping ~*~*~tactically~*~*~ (stealth).
 38013 | Depths:2 | Reached skill level 21 in Shields
 38046 | Depths:2 | 38046 ||| Stepping ~*~*~tactically~*~*~ (stealth).
 38087 | Depths:2 | 38087 ||| Stepping ~*~*~tactically~*~*~ (hiding).
 38163 | Depths:2 | 38163 ||| Stepping ~*~*~tactically~*~*~ (hiding).
 38166 | Depths:2 | 38166 ||| Stepping ~*~*~tactically~*~*~ (stealth).
 38291 | Depths:2 | 38291 ||| UPGRADING to amulet of faith.
 38331 | Depths:3 | 38331 ||| Stepping ~*~*~tactically~*~*~ (stealth).
 38333 | Depths:3 | 38333 ||| Stepping ~*~*~tactically~*~*~ (stealth).
 38347 | Depths:3 | 38347 ||| Stepping ~*~*~tactically~*~*~ (hiding).
 38386 | Depths:3 | Found a one-way gateway to a ziggurat.
 38505 | Depths:3 | 38505 ||| Stepping ~*~*~tactically~*~*~ (hiding).
 38514 | Depths:3 | 38514 ||| Stepping ~*~*~tactically~*~*~ (hiding).
 38560 | Depths:3 | Identified the +0 swamp dragon scales of the Lizard {rPois
                  | Dex+5} (Okawaru gifted it to you on level 3 of the Depths)
 38560 | Depths:3 | Received a gift from Okawaru
 38610 | Depths:3 | Noticed a juggernaut
 38611 | Depths:3 | 38611 ||| INVOKING Heroism.
 38613 | Depths:3 | 38613 ||| INVOKING Finesse.
 38625 | Depths:3 | Killed a juggernaut
 38626 | Depths:3 | Reached skill level 21 in Fighting
 38717 | Depths:3 | 38717 ||| Stepping ~*~*~tactically~*~*~ (hiding).
 38818 | Depths:3 | Found a one-way gate to the infinite horrors of the Abyss.
 38928 | Depths:3 | 38928 ||| Stepping ~*~*~tactically~*~*~ (hiding).
 38929 | Depths:3 | 38929 ||| Stepping ~*~*~tactically~*~*~ (hiding).
 38956 | Depths:3 | 38956 ||| INVOKING Heroism.
 38965 | Depths:3 | Noticed a juggernaut
 38978 | Depths:3 | Killed a juggernaut
 38980 | Depths:3 | 38980 ||| Stepping ~*~*~tactically~*~*~ (hiding).
 38982 | Depths:3 | 38982 ||| Stepping ~*~*~tactically~*~*~ (hiding).
 38999 | Depths:3 | 38999 ||| INVOKING Heroism.
 39032 | Depths:3 | Reached XP level 25. HP: 171/171 MP: 24/24
 39061 | Depths:3 | 39061 ||| INVOKING Heroism.
 39305 | Depths:3 | 39305 ||| Stepping ~*~*~tactically~*~*~ (hiding).
 39308 | Depths:3 | 39308 ||| Stepping ~*~*~tactically~*~*~ (hiding).
 39574 | Depths:3 | 39574 ||| DROPPING +0 ice dragon scales.
 39575 | Depths:3 | 39575 ||| DROPPING +1 plate armour of fire resistance.
 39576 | Depths:3 | 39576 ||| READING scroll labelled NOHEMISEDE.
 39602 | Depths:4 | Entered Level 4 of the Depths
 39612 | Depths:4 | 39612 ||| INVOKING Heroism.
 39618 | Depths:4 | Received a gift from Okawaru
 39659 | Depths:4 | 39659 ||| Stepping randomly (disturbance).
 39755 | Depths:4 | 39755 ||| INVOKING Heroism.
 39795 | Depths:4 | 39795 ||| DRINKING potion of cancellation.
 39882 | Depths:4 | 39882 ||| INVOKING Heroism.
 39917 | Depths:4 | 39917 ||| Stepping ~*~*~tactically~*~*~ (hiding).
 39924 | Depths:4 | 39924 ||| Stepping ~*~*~tactically~*~*~ (hiding).
 39929 | Depths:4 | Identified the ring "Pothroadd" {Ice *Slow rPois Str+3
                  | Int+4}
 39929 | Depths:4 | Noticed Josephina
 39932 | Depths:4 | Noticed a juggernaut
 39937 | Depths:4 | 39937 ||| INVOKING Heroism.
 39938 | Depths:4 | Received a gift from Okawaru
 39959 | Depths:4 | Killed Josephina
 39969 | Depths:4 | Killed a juggernaut
 39976 | Depths:4 | 39976 ||| INVOKING Heroism.
 40122 | Depths:4 | 40122 ||| Stepping ~*~*~tactically~*~*~ (stealth).
 40125 | Depths:4 | 40125 ||| Stepping ~*~*~tactically~*~*~ (hiding).
 40132 | Depths:4 | 40132 ||| INVOKING Heroism.
 40149 | Depths:4 | 40149 ||| INVOKING Finesse.
 40159 | Depths:4 | 40159 ||| Stepping ~*~*~tactically~*~*~ (stealth).
 40232 | Depths:4 | 40232 ||| INVOKING Heroism.
 40241 | Depths:4 | 40241 ||| Stepping ~*~*~tactically~*~*~ (hiding).
 40248 | Depths:4 | 40248 ||| Stepping ~*~*~tactically~*~*~ (hiding).
 40249 | Depths:4 | 40249 ||| Stepping ~*~*~tactically~*~*~ (hiding).
 40290 | Depths:4 | 40290 ||| Stepping ~*~*~tactically~*~*~ (stealth).
 40292 | Depths:4 | 40292 ||| Stepping ~*~*~tactically~*~*~ (hiding).
 40327 | Depths:4 | 40327 ||| INVOKING Heroism.
 40345 | Depths:4 | 40345 ||| Stepping ~*~*~tactically~*~*~ (hiding).
 40373 | Depths:4 | Noticed the Enchantress
 40380 | Depths:4 | 40380 ||| INVOKING Heroism.
 40414 | Depths:4 | 40414 ||| INVOKING Heroism.
 40415 | Depths:4 | Killed the Enchantress
 40540 | Depths:4 | 40540 ||| INVOKING Heroism.
 40550 | Depths:4 | 40550 ||| Stepping ~*~*~tactically~*~*~ (stealth).
 40552 | Depths:4 | 40552 ||| Stepping ~*~*~tactically~*~*~ (stealth).
 40553 | Depths:4 | 40553 ||| Stepping ~*~*~tactically~*~*~ (hiding).
 40564 | Depths:4 | Received a gift from Okawaru
 40578 | Depths:4 | Identified the +0 battleaxe of War {freeze, +Blink Str+2
                  | Int+4}
 40599 | Depths:4 | Reached skill level 21 in Armour
 40603 | Depths:4 | Received a gift from Okawaru
 40615 | Depths:4 | 40615 ||| Stepping ~*~*~tactically~*~*~ (hiding).
 40617 | Depths:4 | 40617 ||| INVOKING Heroism.
 40619 | Depths:4 | Noticed a juggernaut
 40631 | Depths:4 | Killed a juggernaut
 40652 | Depths:4 | Found a gate to the Realm of Zot.
 40705 | Depths:4 | Identified the +1 scale mail of Classification {Rampage
                  | Str+3}
 40751 | Depths:4 | 40751 ||| Stepping ~*~*~tactically~*~*~ (stealth).
 40754 | Depths:4 | 40754 ||| Stepping ~*~*~tactically~*~*~ (hiding).
 40755 | Depths:4 | 40755 ||| Stepping ~*~*~tactically~*~*~ (hiding).
 40756 | Depths:4 | 40756 ||| Stepping ~*~*~tactically~*~*~ (hiding).
 40784 | Depths:4 | Noticed a juggernaut
 40784 | Depths:4 | 40784 ||| INVOKING Heroism.
 40858 | Depths:4 | 40858 ||| Stepping ~*~*~tactically~*~*~ (stealth).
 40859 | Depths:4 | 40859 ||| Stepping ~*~*~tactically~*~*~ (hiding).
 41110 | Depths:4 | 41110 ||| Stepping ~*~*~tactically~*~*~ (hiding).
 41111 | Depths:4 | 41111 ||| Stepping ~*~*~tactically~*~*~ (stealth).
 41160 | Depths:4 | 41160 ||| PLANNING VAULTS:5
 41160 | Depths:4 | 41160 ||| DROPPING +2 pair of boots of stealth.
 41161 | Depths:4 | 41161 ||| UPGRADING to ring of the Failed Coup {Contam
                  | rN+++ Will+ rCorr Int+5}.
 41163 | Depths:4 | 41163 ||| DROPPING ring of ice.
 41458 | Vaults:5 | Entered Level 5 of the Vaults
 41471 | Vaults:5 | 41471 ||| STAIRDANCE
 41476 | Vaults:4 | 41476 ||| INVOKING Heroism.
 41494 | Vaults:4 | 41494 ||| UPGRADING to +2 tower shield.
 41504 | Vaults:4 | 41504 ||| DROPPING +0 tower shield.
 41519 | Vaults:5 | Identified the +0 robe of the Spheres {Will+ Int+3}
                  | (Okawaru gifted it to you on level 5 of the Vaults)
 41519 | Vaults:5 | Received a gift from Okawaru
 41522 | Vaults:5 | Reached skill level 12 in Throwing
 41533 | Vaults:5 | Reached XP level 26. HP: 179/179 MP: 24/24
 41588 | Vaults:5 | 41588 ||| INVOKING Heroism.
 41655 | Vaults:5 | Noticed an ancient lich
 41656 | Vaults:5 | 41656 ||| INVOKING Heroism.
 41657 | Vaults:5 | 41657 ||| INVOKING Finesse.
 41671 | Vaults:5 | Killed an ancient lich
 41679 | Vaults:5 | 41679 ||| Stepping ~*~*~tactically~*~*~ (hiding).
 41773 | Vaults:5 | 41773 ||| FLEEEEING.
 41776 | Vaults:5 | 41776 ||| FLEEEEING.
 41777 | Vaults:5 | 41777 ||| FLEEEEING.
 41787 | Vaults:5 | 41787 ||| FLEEEEING.
 41793 | Vaults:5 | 41793 ||| Stepping ~*~*~tactically~*~*~ (stealth).
 41794 | Vaults:5 | 41794 ||| FLEEEEING.
 41796 | Vaults:5 | 41796 ||| INVOKING Heroism.
 41863 | Vaults:5 | Got a silver rune of Zot
 41890 | Vaults:5 | Identified the +1 chain mail of the Raven {Regen+ rCorr
                  | Stlth+}
 41985 | Vaults:5 | 41985 ||| INVOKING Heroism.
 41987 | Vaults:5 | Found Boklemul's Antique Armour Boutique.
 42064 | Vaults:5 | Found Okodoesk's Distillery.
 42068 | Vaults:5 | 42068 ||| BUYING +10 tower shield of Ignorance {rN+ Int-4}
                  | (1890 gold).
 42068 | Vaults:5 | Bought the +10 tower shield of Ignorance {rN+ Int-4} for
                  | 1890 gold pieces
 42068 | Vaults:5 | Found the +10 tower shield of Ignorance {rN+ Int-4}
 42068 | Vaults:5 | 42068 ||| BUYING glowing scarf (264 gold).
 42068 | Vaults:5 | Bought a glowing scarf for 264 gold pieces
 42068 | Vaults:5 | 42068 ||| BUYING pair of embroidered gloves (247 gold).
 42068 | Vaults:5 | Bought a pair of embroidered gloves for 247 gold pieces
 42072 | Vaults:5 | 42072 ||| BUYING 2 potions of cancellation (208 gold).
 42072 | Vaults:5 | Bought 2 potions of cancellation for 208 gold pieces
 42072 | Vaults:5 | 42072 ||| BUYING potion of curing (39 gold).
 42072 | Vaults:5 | Bought a potion of curing for 39 gold pieces
 42072 | Vaults:5 | 42072 ||| BUYING potion of curing (39 gold).
 42072 | Vaults:5 | Bought a potion of curing for 39 gold pieces
 42072 | Vaults:5 | 42072 ||| BUYING potion of enlightenment (65 gold).
 42072 | Vaults:5 | Bought a potion of enlightenment for 65 gold pieces
 42072 | Vaults:5 | 42072 ||| BUYING potion of lignification (39 gold).
 42072 | Vaults:5 | Bought a potion of lignification for 39 gold pieces
 42072 | Vaults:5 | 42072 ||| BUYING potion of lignification (39 gold).
 42072 | Vaults:5 | Bought a potion of lignification for 39 gold pieces
 42154 | Vaults:5 | 42154 ||| Stepping ~*~*~tactically~*~*~ (hiding).
 42165 | Vaults:5 | Noticed an ancient lich
 42165 | Vaults:5 | 42165 ||| INVOKING Heroism.
 42166 | Vaults:5 | 42166 ||| INVOKING Finesse.
 42203 | Vaults:5 | Killed an ancient lich
 42203 | Vaults:5 | Received a gift from Okawaru
 42296 | Vaults:5 | Found Ashaedgh's Weapon Shoppe.
 42342 | Vaults:5 | 42342 ||| Stepping ~*~*~tactically~*~*~ (hiding).
 42344 | Vaults:5 | 42344 ||| Stepping ~*~*~tactically~*~*~ (hiding).
 42345 | Vaults:5 | 42345 ||| Stepping ~*~*~tactically~*~*~ (hiding).
 42346 | Vaults:5 | 42346 ||| Stepping ~*~*~tactically~*~*~ (hiding).
 42405 | Vaults:5 | 42405 ||| Stepping ~*~*~tactically~*~*~ (hiding).
 42475 | Vaults:5 | Received a gift from Okawaru
 42536 | Vaults:5 | 42536 ||| INVOKING Heroism.
 42641 | Vaults:5 | 42641 ||| Stepping ~*~*~tactically~*~*~ (hiding).
 42849 | Vaults:5 | 42849 ||| Stepping ~*~*~tactically~*~*~ (hiding).
 42850 | Vaults:5 | 42850 ||| Stepping ~*~*~tactically~*~*~ (hiding).
 42851 | Vaults:5 | 42851 ||| Stepping ~*~*~tactically~*~*~ (hiding).
 42853 | Vaults:5 | 42853 ||| Stepping ~*~*~tactically~*~*~ (hiding).
 42960 | Vaults:5 | 42960 ||| Stepping ~*~*~tactically~*~*~ (hiding).
 43000 | Vaults:5 | 43000 ||| Stepping ~*~*~tactically~*~*~ (stealth).
 43026 | Vaults:5 | Identified the +8 mace "Concordance" {antimagic, *Corrode
                  | rN+ SInv Stlth+}
 43027 | Vaults:5 | 43027 ||| Stepping ~*~*~tactically~*~*~ (stealth).
 43061 | Vaults:5 | 43061 ||| Stepping ~*~*~tactically~*~*~ (stealth).
 43311 | Vaults:5 | Noticed an ancient lich
 43328 | Vaults:5 | 43328 ||| INVOKING Heroism.
 43337 | Vaults:5 | Killed an ancient lich
 43401 | Vaults:5 | 43401 ||| UPGRADING to +10 tower shield of Ignorance {rN+
                  | Int-4}.
 43411 | Vaults:5 | 43411 ||| PLANNING SHOPPING SPREE
 43411 | Vaults:5 | 43411 ||| DROPPING +2 tower shield.
 43412 | Vaults:5 | 43412 ||| DROPPING scarf of invisibility.
 43413 | Vaults:5 | 43413 ||| DROPPING +0 acid dragon scales.
 43414 | Vaults:5 | 43414 ||| DROPPING +1 pair of gloves of hurling.
 43415 | Vaults:5 | 43415 ||| UPGRADING to +6 ring of strength.
 43417 | Vaults:5 | 43417 ||| UPGRADING to ring "Kitydor" {Fly rF+ Dex+6}.
 43733 | Orc:2    | 43733 ||| BUYING scroll of teleportation (42 gold).
 43733 | Orc:2    | Bought a scroll of teleportation for 42 gold pieces
 43787 | D:10     | 43787 ||| BUYING potion of resistance (120 gold).
 43787 | D:10     | Bought a potion of resistance for 120 gold pieces
 43857 | Orc:2    | 43857 ||| BUYING amulet of reflection (360 gold).
 43857 | Orc:2    | Bought an amulet of reflection for 360 gold pieces
 43857 | Orc:2    | 43857 ||| BUYING ring of protection from cold (300 gold).
 43857 | Orc:2    | Bought a ring of protection from cold for 300 gold pieces
 43857 | Orc:2    | 43857 ||| BUYING ring of protection from cold (300 gold).
 43857 | Orc:2    | Bought a ring of protection from cold for 300 gold pieces
 44060 | Depths:2 | 44060 ||| CLEARING SHOPPING LIST
 44060 | Depths:2 | 44060 ||| PLANNING ZOT:1-4
 44160 | Zot:1    | Entered Level 1 of the Realm of Zot
 44172 | Zot:1    | Identified the +1 scale mail of Wanlias {Str+5} (Okawaru
                  | gifted it to you on level 1 of the Realm of Zot)
 44172 | Zot:1    | Received a gift from Okawaru
 44182 | Zot:1    | 44182 ||| Stepping ~*~*~tactically~*~*~ (hiding).
 44238 | Zot:1    | 44238 ||| Stepping ~*~*~tactically~*~*~ (hiding).
 44239 | Zot:1    | 44239 ||| Stepping ~*~*~tactically~*~*~ (hiding).
 44259 | Zot:1    | 44259 ||| INVOKING Heroism.
 44487 | Zot:1    | 44487 ||| INVOKING Heroism.
 44559 | Zot:1    | 44559 ||| Stepping ~*~*~tactically~*~*~ (hiding).
 44561 | Zot:1    | 44561 ||| Stepping ~*~*~tactically~*~*~ (hiding).
 44563 | Zot:1    | 44563 ||| INVOKING Heroism.
 44789 | Zot:1    | Identified the +9 long sword of the Piercing Gods {freeze,
                  | rCorr}
 44841 | Zot:1    | 44841 ||| Stepping ~*~*~tactically~*~*~ (stealth).
 44844 | Zot:1    | 44844 ||| Stepping ~*~*~tactically~*~*~ (stealth).
 44940 | Zot:1    | 44940 ||| Stepping ~*~*~tactically~*~*~ (hiding).
 45225 | Zot:2    | 45225 ||| INVOKING Heroism.
 45268 | Zot:2    | 45268 ||| Stepping ~*~*~tactically~*~*~ (stealth).
 45305 | Zot:2    | 45305 ||| Stepping ~*~*~tactically~*~*~ (hiding).
 45387 | Zot:2    | You are sucked into a shaft and drop 1 floor!
 45408 | Zot:3    | 45408 ||| Stepping ~*~*~tactically~*~*~ (hiding).
 45431 | Zot:3    | 45431 ||| Stepping ~*~*~tactically~*~*~ (hiding).
 45436 | Zot:3    | 45436 ||| INVOKING Heroism.
 45512 | Zot:3    | 45512 ||| Stepping ~*~*~tactically~*~*~ (stealth).
 45544 | Zot:3    | Reached XP level 27. HP: 189/189 MP: 24/24
 45555 | Zot:3    | 45555 ||| Stepping ~*~*~tactically~*~*~ (hiding).
 45586 | Zot:3    | 45586 ||| Stepping ~*~*~tactically~*~*~ (stealth).
 45593 | Zot:3    | 45593 ||| INVOKING Heroism.
 45595 | Zot:3    | Reached skill level 24 in Fighting
 45624 | Zot:3    | 45624 ||| Stepping ~*~*~tactically~*~*~ (hiding).
 45626 | Zot:3    | 45626 ||| Stepping ~*~*~tactically~*~*~ (hiding).
 45627 | Zot:3    | 45627 ||| Stepping ~*~*~tactically~*~*~ (hiding).
 45642 | Zot:3    | 45642 ||| Stepping ~*~*~tactically~*~*~ (hiding).
 45658 | Zot:3    | 45658 ||| Stepping ~*~*~tactically~*~*~ (hiding).
 45703 | Zot:3    | 45703 ||| DROPPING +6 ring of dexterity.
 45713 | Zot:2    | 45713 ||| INVOKING Heroism.
 45722 | Zot:2    | Received a gift from Okawaru
 45837 | Zot:2    | 45837 ||| Stepping ~*~*~tactically~*~*~ (hiding).
 45838 | Zot:2    | 45838 ||| Stepping ~*~*~tactically~*~*~ (hiding).
 45974 | Zot:2    | 45974 ||| INVOKING Heroism.
 46000 | Zot:2    | 46000 ||| Stepping ~*~*~tactically~*~*~ (hiding).
 46017 | Zot:2    | Received a gift from Okawaru
 46030 | Zot:2    | 46030 ||| INVOKING Heroism.
 46173 | Zot:2    | 46173 ||| Stepping ~*~*~tactically~*~*~ (stealth).
 46175 | Zot:2    | 46175 ||| Stepping ~*~*~tactically~*~*~ (hiding).
 46176 | Zot:2    | 46176 ||| Stepping ~*~*~tactically~*~*~ (hiding).
 46202 | Zot:2    | 46202 ||| Stepping ~*~*~tactically~*~*~ (hiding).
 46230 | Zot:2    | 46230 ||| Stepping ~*~*~tactically~*~*~ (stealth).
 46276 | Zot:2    | 46276 ||| Stepping ~*~*~tactically~*~*~ (hiding).
 46281 | Zot:2    | 46281 ||| INVOKING Heroism.
 46308 | Zot:2    | 46308 ||| Stepping ~*~*~tactically~*~*~ (hiding).
 46511 | Zot:2    | 46511 ||| Stepping ~*~*~tactically~*~*~ (stealth).
 46513 | Zot:2    | 46513 ||| Stepping ~*~*~tactically~*~*~ (hiding).
 46532 | Zot:2    | 46532 ||| INVOKING Heroism.
 46780 | Zot:2    | 46780 ||| DROPPING +4 plate armour.
 46834 | Zot:3    | Received a gift from Okawaru
 46870 | Zot:3    | 46870 ||| INVOKING Heroism.
 46991 | Zot:3    | 46991 ||| Stepping ~*~*~tactically~*~*~ (hiding).
 47003 | Zot:3    | 47003 ||| Stepping ~*~*~tactically~*~*~ (cloud).
 47051 | Zot:3    | 47051 ||| Stepping ~*~*~tactically~*~*~ (hiding).
 47053 | Zot:3    | 47053 ||| Stepping ~*~*~tactically~*~*~ (hiding).
 47054 | Zot:3    | 47054 ||| Stepping ~*~*~tactically~*~*~ (hiding).
 47055 | Zot:3    | 47055 ||| Stepping ~*~*~tactically~*~*~ (hiding).
 47106 | Zot:3    | Reached skill level 12 in Dodging
 47115 | Zot:3    | 47115 ||| Stepping ~*~*~tactically~*~*~ (hiding).
 47117 | Zot:3    | 47117 ||| Stepping ~*~*~tactically~*~*~ (hiding).
 47118 | Zot:3    | 47118 ||| Stepping ~*~*~tactically~*~*~ (hiding).
 47122 | Zot:3    | 47122 ||| Stepping ~*~*~tactically~*~*~ (hiding).
 47270 | Zot:3    | 47270 ||| Stepping ~*~*~tactically~*~*~ (hiding).
 47282 | Zot:3    | Received a gift from Okawaru
 47781 | Zot:4    | 47781 ||| Stepping ~*~*~tactically~*~*~ (hiding).
 47926 | Zot:4    | 47926 ||| Stepping ~*~*~tactically~*~*~ (stealth).
 47928 | Zot:4    | 47928 ||| Stepping ~*~*~tactically~*~*~ (hiding).
 47992 | Zot:4    | 47992 ||| Stepping ~*~*~tactically~*~*~ (hiding).
 48032 | Zot:4    | Received a gift from Okawaru
 48803 | Zot:4    | 48803 ||| PLANNING SLIME:5
 48803 | Zot:4    | 48803 ||| UPGRADING to +1 chain mail of the Raven {Regen+
                  | rCorr Stlth+}.
 48813 | Zot:4    | 48813 ||| DROPPING +1 cloak of preservation.
 48814 | Zot:4    | 48814 ||| UPGRADING to ring "Pothroadd" {Ice *Slow rPois
                  | Str+3 Int+4}.
 48816 | Zot:4    | 48816 ||| UPGRADING to +6 ring of strength.
 49203 | Slime:1  | Entered Level 1 of the Pits of Slime
 49206 | Slime:1  | 49206 ||| Stepping ~*~*~tactically~*~*~ (stealth).
 49207 | Slime:1  | 49207 ||| Stepping ~*~*~tactically~*~*~ (stealth).
 49222 | Slime:1  | 49222 ||| Stepping ~*~*~tactically~*~*~ (wall).
 49227 | Slime:1  | Gained mutation: You expend magic power (3 MP) to
                  | strengthen your wands. [a shining eye]
 49229 | Slime:1  | 49229 ||| Stepping ~*~*~tactically~*~*~ (stealth).
 49260 | Slime:1  | You are sucked into a shaft and drop 1 floor!
 49296 | Slime:3  | Gained mutation: You are agile. (Dex +4, Str/Int -1) [a
                  | shining eye]
 49297 | Slime:3  | 49297 ||| Stepping ~*~*~tactically~*~*~ (wall).
 49298 | Slime:3  | Gained mutation: Armour fits poorly on your strangely
                  | shaped body. [a shining eye]
 49314 | Slime:3  | Received a gift from Okawaru
 49334 | Slime:3  | 49334 ||| DRINKING 5 potions of mutation.
 49334 | Slime:3  | Lost mutation: Armour fits poorly on your strangely shaped
                  | body. [potion of mutation]
 49334 | Slime:3  | Lost mutation: You expend magic power (3 MP) to strengthen
                  | your wands. [potion of mutation]
 49334 | Slime:3  | Gained mutation: Your magical capacity is extremely low.
                  | (-30% MP) [potion of mutation]
 49344 | Slime:4  | 49344 ||| STAIRDANCE
 49448 | Slime:4  | 49448 ||| STAIRDANCE
 49450 | Slime:3  | 49450 ||| DRINKING 20 potions of curing.
 49450 | Slime:3  | 49450 ||| (to cure confusion)
 49494 | Slime:5  | Entered Level 5 of the Pits of Slime
 49509 | Slime:5  | 49509 ||| Stepping ~*~*~tactically~*~*~ (wall).
 49518 | Slime:5  | Received a gift from Okawaru
 49565 | Slime:5  | Found a viscous altar of Jiyva.
 49565 | Slime:5  | Noticed the Royal Jelly
 49569 | Slime:5  | 49569 ||| INVOKING Heroism.
 49572 | Slime:5  | 49572 ||| INVOKING Finesse.
 49615 | Slime:5  | Killed the Royal Jelly
 49615 | Slime:5  | Received a gift from Okawaru
 49648 | Slime:5  | 49648 ||| DRINKING 19 potions of curing.
 49648 | Slime:5  | 49648 ||| (to cure confusion)
 49652 | Slime:5  | 49652 ||| INVOKING Heroism.
 49654 | Slime:5  | 49654 ||| DRINKING 18 potions of curing.
 49654 | Slime:5  | 49654 ||| (to cure confusion)
 49656 | Slime:5  | 49656 ||| FLEEEEING.
 49658 | Slime:5  | 49658 ||| FLEEEEING.
 49659 | Slime:5  | 49659 ||| FLEEEEING.
 49660 | Slime:5  | 49660 ||| FLEEEEING.
 49661 | Slime:5  | 49661 ||| FLEEEEING.
 49662 | Slime:5  | 49662 ||| FLEEEEING.
 49663 | Slime:5  | 49663 ||| FLEEEEING.
 49664 | Slime:5  | 49664 ||| FLEEEEING.
 49665 | Slime:5  | 49665 ||| DRINKING 17 potions of curing.
 49665 | Slime:5  | 49665 ||| (to cure confusion)
 49666 | Slime:5  | 49666 ||| FLEEEEING.
 49667 | Slime:5  | 49667 ||| DRINKING 16 potions of curing.
 49667 | Slime:5  | 49667 ||| (to cure confusion)
 49677 | Slime:5  | 49677 ||| FLEEEEING.
 49678 | Slime:5  | 49678 ||| FLEEEEING.
 49679 | Slime:5  | 49679 ||| FLEEEEING.
 49680 | Slime:5  | 49680 ||| FLEEEEING.
 49681 | Slime:5  | 49681 ||| STAIRDANCE
 49821 | Slime:5  | Identified the ring of Lanoer {Fly AC+4 Dex+6 Stlth+}
 49841 | Slime:5  | Identified the ring of Sapiciteune {rN+ Dex+6 Slay+5}
 49872 | Slime:5  | Got a slimy rune of Zot
 49873 | Slime:5  | Identified the +4 war axe of the Kissing Soothsayer
                  | {protect, *Noise rC+ Int+5 Dex-2}
 50042 | Slime:5  | Identified the +3 scale mail "Dilull" {Rampage *Slow Fly
                  | Dex+3} (Okawaru gifted it to you on level 5 of the Pits of
                  | Slime)
 50042 | Slime:5  | Received a gift from Okawaru
 50413 | Slime:5  | 50413 ||| PLANNING THE SHINING ONE WORSHIP
 50413 | Slime:5  | 50413 ||| UPGRADING to +5 plate armour of the Northern
                  | Lights {Will++}.
 50423 | Slime:5  | 50423 ||| DROPPING +1 chain mail of the Raven {Regen+ rCorr
                  | Stlth+}.
 50424 | Slime:5  | 50424 ||| DROPPING scarf of harm.
 50425 | Slime:5  | 50425 ||| DROPPING +1 pair of boots of stealth.
 50426 | Slime:5  | 50426 ||| DROPPING amulet "Oblushek" {Acrobat rCorr
                  | Stlth+}.
 50427 | Slime:5  | 50427 ||| UPGRADING to ring "Kitydor" {Fly rF+ Dex+6}.
 50429 | Slime:5  | 50429 ||| DROPPING ring of resist corrosion.
 50430 | Slime:5  | 50430 ||| DROPPING ring of protection from fire.
 50431 | Slime:5  | 50431 ||| UPGRADING to ring of Lanoer {Fly AC+4 Dex+6
                  | Stlth+}.
 50433 | Slime:5  | 50433 ||| DROPPING +6 ring of strength.
 50434 | Slime:5  | 50434 ||| DROPPING ring of protection from cold.
 50435 | Slime:5  | 50435 ||| DROPPING ring of the Failed Coup {Contam rN+++
                  | Will+ rCorr Int+5}.
 50436 | Slime:5  | 50436 ||| UPGRADING to ring of Sapiciteune {rN+ Dex+6
                  | Slay+5}.
 50438 | Slime:5  | 50438 ||| UPGRADING to +5 ring of evasion.
 50440 | Slime:5  | 50440 ||| UPGRADING to ring of Lanoer {Fly AC+4 Dex+6
                  | Stlth+}.
 50442 | Slime:5  | 50442 ||| DROPPING +5 ring of evasion.
 50854 | Temple   | 50854 ||| SWAPPING to +8 mithril axe "Arga" {speed, Will+}.
 50855 | Temple   | Fell from the grace of Okawaru
 50855 | Temple   | Became a worshipper of the Shining One
 50856 | Temple   | 50856 ||| PLANNING CRYPT
 51224 | Crypt:1  | Entered Level 1 of the Crypt
 51239 | Crypt:1  | Reached * piety under the Shining One
 51257 | Crypt:1  | Reached ** piety under the Shining One
 51283 | Crypt:1  | 51283 ||| Stepping ~*~*~tactically~*~*~ (cloud).
 51329 | Crypt:1  | 51329 ||| Stepping ~*~*~tactically~*~*~ (stealth).
 51345 | Crypt:1  | Reached *** piety under the Shining One
 51354 | Crypt:1  | Reached skill level 11 in Invocations
 51357 | Crypt:1  | 51357 ||| INVOKING Cleansing Flame.
 51389 | Crypt:1  | 51389 ||| Stepping ~*~*~tactically~*~*~ (hiding).
 51395 | Crypt:1  | Reached **** piety under the Shining One
 51445 | Crypt:1  | Found a basalt altar of Yredelemnul.
 51751 | Crypt:1  | 51751 ||| Stepping ~*~*~tactically~*~*~ (hiding).
 51767 | Crypt:1  | Reached skill level 12 in Invocations
 51804 | Crypt:1  | 51804 ||| Stepping ~*~*~tactically~*~*~ (stealth).
 51814 | Crypt:1  | 51814 ||| FLEEEEING.
 51815 | Crypt:1  | 51815 ||| FLEEEEING.
 51819 | Crypt:1  | 51819 ||| FLEEEEING.
 51820 | Crypt:1  | 51820 ||| Stepping ~*~*~tactically~*~*~ (stealth).
 51829 | Crypt:1  | 51829 ||| Stepping ~*~*~tactically~*~*~ (hiding).
 51892 | Crypt:1  | 51892 ||| FLEEEEING.
 51921 | Crypt:1  | 51921 ||| Stepping ~*~*~tactically~*~*~ (stealth).
 51937 | Crypt:1  | Reached ***** piety under the Shining One
 51969 | Crypt:1  | Noticed a royal mummy
 51970 | Crypt:1  | 51970 ||| Stepping ~*~*~tactically~*~*~ (stealth).
 51972 | Crypt:1  | 51972 ||| INVOKING Summon Divine Warrior.
 51978 | Crypt:1  | Killed a royal mummy
 51980 | Crypt:1  | Noticed Khufu
 51984 | Crypt:1  | 51984 ||| INVOKING Cleansing Flame.
 51985 | Crypt:1  | 51985 ||| INVOKING Cleansing Flame.
 51986 | Crypt:1  | 51986 ||| INVOKING Cleansing Flame.
 51987 | Crypt:1  | 51987 ||| DRINKING 9 potions of magic.
 51988 | Crypt:1  | 51988 ||| INVOKING Cleansing Flame.
 51989 | Crypt:1  | 51989 ||| INVOKING Cleansing Flame.
 51990 | Crypt:1  | 51990 ||| INVOKING Cleansing Flame.
 51991 | Crypt:1  | 51991 ||| INVOKING Cleansing Flame.
 51991 | Crypt:1  | Killed Khufu
 52029 | Crypt:1  | Noticed a royal mummy
 52031 | Crypt:1  | 52031 ||| INVOKING Cleansing Flame.
 52035 | Crypt:1  | Killed a royal mummy
 52314 | Crypt:1  | Reached skill level 13 in Invocations
 52549 | Crypt:2  | 52549 ||| INVOKING Cleansing Flame.
 52550 | Crypt:2  | 52550 ||| INVOKING Cleansing Flame.
 52587 | Crypt:2  | 52587 ||| Stepping ~*~*~tactically~*~*~ (stealth).
 52589 | Crypt:2  | 52589 ||| Stepping ~*~*~tactically~*~*~ (stealth).
 52691 | Crypt:2  | 52691 ||| Stepping ~*~*~tactically~*~*~ (stealth).
 52693 | Crypt:2  | 52693 ||| Stepping ~*~*~tactically~*~*~ (hiding).
 52695 | Crypt:2  | 52695 ||| Stepping ~*~*~tactically~*~*~ (hiding).
 52714 | Crypt:2  | Reached skill level 14 in Invocations
 52770 | Crypt:2  | 52770 ||| Stepping ~*~*~tactically~*~*~ (hiding).
 52773 | Crypt:2  | 52773 ||| Stepping ~*~*~tactically~*~*~ (hiding).
 52922 | Crypt:2  | 52922 ||| INVOKING Cleansing Flame.
 52984 | Crypt:2  | Reached ****** piety under the Shining One
 52988 | Crypt:2  | 52988 ||| INVOKING Cleansing Flame.
 52998 | Crypt:2  | 52998 ||| INVOKING Cleansing Flame.
 53012 | Crypt:2  | 53012 ||| INVOKING Brand Weapon With Holy Wrath.
 53012 | Crypt:2  | Identified a +9 broad axe of holy wrath (a +9 vampiric
                  | broad axe blessed by the Shining One)
 53012 | Crypt:2  | Received a gift from the Shining One
 53013 | Crypt:2  | 53013 ||| SWAPPING to +9 broad axe of holy wrath.
 53136 | Crypt:2  | 53136 ||| INVOKING Summon Divine Warrior.
 53152 | Crypt:2  | Reached skill level 15 in Invocations
 53420 | Crypt:2  | 53420 ||| DROPPING +0 plate armour of fire resistance.
 53424 | Crypt:3  | Entered Level 3 of the Crypt
 53424 | Crypt:3  | Noticed Grunn
 53425 | Crypt:3  | 53425 ||| INVOKING Summon Divine Warrior.
 53428 | Crypt:3  | Noticed Jory
 53429 | Crypt:3  | 53429 ||| INVOKING Cleansing Flame.
 53430 | Crypt:3  | 53430 ||| INVOKING Cleansing Flame.
 53434 | Crypt:3  | 53434 ||| INVOKING Cleansing Flame.
 53435 | Crypt:3  | Killed Grunn
 53442 | Crypt:3  | Killed Jory
 53447 | Crypt:3  | 53447 ||| INVOKING Cleansing Flame.
 53461 | Crypt:3  | Reached skill level 16 in Invocations
 53552 | Crypt:3  | 53552 ||| Stepping ~*~*~tactically~*~*~ (hiding).
 53592 | Crypt:3  | 53592 ||| Stepping ~*~*~tactically~*~*~ (hiding).
 53594 | Crypt:3  | 53594 ||| Stepping ~*~*~tactically~*~*~ (hiding).
 53595 | Crypt:3  | 53595 ||| Stepping ~*~*~tactically~*~*~ (hiding).
 53597 | Crypt:3  | Noticed Sojobo
 53598 | Crypt:3  | 53598 ||| INVOKING Summon Divine Warrior.
 53599 | Crypt:3  | 53599 ||| INVOKING Cleansing Flame.
 53600 | Crypt:3  | 53600 ||| INVOKING Cleansing Flame.
 53601 | Crypt:3  | 53601 ||| INVOKING Cleansing Flame.
 53605 | Crypt:3  | Killed Sojobo
 53618 | Crypt:3  | Reached skill level 17 in Invocations
 53620 | Crypt:3  | 53620 ||| INVOKING Cleansing Flame.
 53643 | Crypt:3  | 53643 ||| INVOKING Cleansing Flame.
 53658 | Crypt:3  | Reached skill level 18 in Invocations
 53671 | Crypt:3  | 53671 ||| INVOKING Cleansing Flame.
 53806 | Crypt:3  | Found a basalt altar of Yredelemnul.
 53817 | Crypt:3  | Found an ancient bone altar of Kikubaaqudgha.
 53929 | Crypt:3  | Found a staircase to the Tomb.
 54335 | Crypt:3  | Was forgiven by Okawaru
 54412 | Crypt:3  | 54412 ||| PLANNING TOMB
 54450 | Tomb:1   | Entered Level 1 of the Tomb of the Ancients
 54483 | Tomb:1   | 54483 ||| INVOKING Cleansing Flame.
 54588 | Tomb:1   | 54588 ||| FLEEEEING.
 54589 | Tomb:1   | 54589 ||| FLEEEEING.
 54590 | Tomb:1   | 54590 ||| FLEEEEING.
 54591 | Tomb:1   | 54591 ||| FLEEEEING.
 54592 | Tomb:1   | 54592 ||| FLEEEEING.
 54983 | Tomb:1   | 54983 ||| INVOKING Cleansing Flame.
 54998 | Tomb:1   | Reached skill level 19 in Invocations
 55013 | Tomb:1   | Noticed a royal mummy
 55014 | Tomb:1   | 55014 ||| INVOKING Summon Divine Warrior.
 55015 | Tomb:1   | Noticed a royal mummy
 55021 | Tomb:1   | 55021 ||| INVOKING Cleansing Flame.
 55024 | Tomb:1   | Noticed a royal mummy
 55028 | Tomb:1   | Killed a royal mummy
 55030 | Tomb:1   | 55030 ||| INVOKING Cleansing Flame.
 55031 | Tomb:1   | 55031 ||| INVOKING Cleansing Flame.
 55032 | Tomb:1   | 55032 ||| INVOKING Cleansing Flame.
 55032 | Tomb:1   | Killed a royal mummy
 55032 | Tomb:1   | Killed a royal mummy
 55067 | Tomb:1   | 55067 ||| INVOKING Cleansing Flame.
 55074 | Tomb:1   | 55074 ||| INVOKING Cleansing Flame.
 55075 | Tomb:1   | 55075 ||| INVOKING Cleansing Flame.
 55181 | Tomb:1   | 55181 ||| Stepping ~*~*~tactically~*~*~ (hiding).
 55186 | Tomb:1   | 55186 ||| INVOKING Summon Divine Warrior.
 55316 | Tomb:1   | Noticed a royal mummy
 55316 | Tomb:1   | 55316 ||| INVOKING Cleansing Flame.
 55317 | Tomb:1   | Killed a royal mummy
 55323 | Tomb:1   | Reached skill level 20 in Invocations
 55328 | Tomb:1   | 55328 ||| INVOKING Cleansing Flame.
 55845 | Tomb:2   | 55845 ||| DRINKING 8 potions of haste.
 55845 | Tomb:2   | Noticed a royal mummy
 55846 | Tomb:2   | 55846 ||| DRINKING 10 potions of attraction.
 55847 | Tomb:2   | 55847 ||| INVOKING Cleansing Flame.
 55847 | Tomb:2   | Noticed a royal mummy
 55847 | Tomb:2   | Noticed a royal mummy
 55848 | Tomb:2   | 55848 ||| INVOKING Cleansing Flame.
 55848 | Tomb:2   | Noticed a royal mummy
 55849 | Tomb:2   | 55849 ||| INVOKING Summon Divine Warrior.
 55850 | Tomb:2   | 55850 ||| INVOKING Cleansing Flame.
 55851 | Tomb:2   | 55851 ||| INVOKING Cleansing Flame.
 55852 | Tomb:2   | 55852 ||| INVOKING Cleansing Flame.
 55854 | Tomb:2   | Killed a royal mummy
 55854 | Tomb:2   | Killed a royal mummy
 55856 | Tomb:2   | Killed a royal mummy
 55857 | Tomb:2   | Killed a royal mummy
 55861 | Tomb:2   | 55861 ||| INVOKING Cleansing Flame.
 55876 | Tomb:2   | Reached skill level 21 in Invocations
 55889 | Tomb:2   | 55889 ||| INVOKING Cleansing Flame.
 56313 | Tomb:1   | Noticed a royal mummy
 56314 | Tomb:1   | 56314 ||| INVOKING Cleansing Flame.
 56315 | Tomb:1   | 56315 ||| INVOKING Summon Divine Warrior.
 56317 | Tomb:1   | Noticed a royal mummy
 56317 | Tomb:1   | Killed a royal mummy
 56320 | Tomb:1   | Noticed a royal mummy
 56323 | Tomb:1   | 56323 ||| INVOKING Cleansing Flame.
 56323 | Tomb:1   | Noticed a royal mummy
 56324 | Tomb:1   | 56324 ||| INVOKING Cleansing Flame.
 56325 | Tomb:1   | 56325 ||| INVOKING Cleansing Flame.
 56325 | Tomb:1   | Killed a royal mummy
 56327 | Tomb:1   | 56327 ||| INVOKING Cleansing Flame.
 56329 | Tomb:1   | 56329 ||| DRINKING 9 potions of magic.
 56330 | Tomb:1   | 56330 ||| INVOKING Summon Divine Warrior.
 56333 | Tomb:1   | 56333 ||| INVOKING Summon Divine Warrior.
 56336 | Tomb:1   | Killed a royal mummy
 56338 | Tomb:1   | Killed a royal mummy
 56433 | Tomb:1   | Noticed a royal mummy
 56441 | Tomb:1   | Killed a royal mummy
 56442 | Tomb:1   | Reached skill level 22 in Invocations
 56473 | Tomb:1   | Noticed a royal mummy
 56474 | Tomb:1   | 56474 ||| INVOKING Summon Divine Warrior.
 56480 | Tomb:1   | 56480 ||| INVOKING Cleansing Flame.
 56480 | Tomb:1   | Noticed a royal mummy
 56481 | Tomb:1   | 56481 ||| INVOKING Cleansing Flame.
 56484 | Tomb:1   | Killed a royal mummy
 56484 | Tomb:1   | Noticed a royal mummy
 56487 | Tomb:1   | Noticed a royal mummy
 56490 | Tomb:1   | 56490 ||| INVOKING Summon Divine Warrior.
 56497 | Tomb:1   | Killed a royal mummy
 56501 | Tomb:1   | 56501 ||| INVOKING Cleansing Flame.
 56503 | Tomb:1   | Killed a royal mummy
 56504 | Tomb:1   | 56504 ||| INVOKING Cleansing Flame.
 56504 | Tomb:1   | Killed a royal mummy
 56514 | Tomb:1   | Noticed a royal mummy
 56518 | Tomb:1   | 56518 ||| INVOKING Cleansing Flame.
 56519 | Tomb:1   | 56519 ||| DRINKING 8 potions of magic.
 56520 | Tomb:1   | 56520 ||| INVOKING Cleansing Flame.
 56521 | Tomb:1   | 56521 ||| INVOKING Cleansing Flame.
 56522 | Tomb:1   | 56522 ||| INVOKING Cleansing Flame.
 56522 | Tomb:1   | Killed a royal mummy
 56525 | Tomb:1   | Noticed a royal mummy
 56527 | Tomb:1   | Noticed a royal mummy
 56527 | Tomb:1   | Noticed a royal mummy
 56528 | Tomb:1   | 56528 ||| INVOKING Cleansing Flame.
 56529 | Tomb:1   | 56529 ||| INVOKING Cleansing Flame.
 56530 | Tomb:1   | 56530 ||| DRINKING 7 potions of magic.
 56530 | Tomb:1   | Noticed a royal mummy
 56531 | Tomb:1   | 56531 ||| INVOKING Cleansing Flame.
 56532 | Tomb:1   | Killed a royal mummy
 56535 | Tomb:1   | 56535 ||| INVOKING Summon Divine Warrior.
 56535 | Tomb:1   | HP: 46/196 [emperor scorpion[a royal mummy] (8)]
 56536 | Tomb:1   | 56536 ||| READING 20 scrolls of teleportation.
 56537 | Tomb:1   | 56537 ||| DRINKING 10 potions of heal wounds.
 56830 | Tomb:1   | 56830 ||| INVOKING Summon Divine Warrior.
 56833 | Tomb:1   | 56833 ||| INVOKING Cleansing Flame.
 56834 | Tomb:1   | 56834 ||| INVOKING Cleansing Flame.
 56837 | Tomb:1   | Killed a royal mummy
 56840 | Tomb:1   | 56840 ||| INVOKING Cleansing Flame.
 56841 | Tomb:1   | 56841 ||| INVOKING Cleansing Flame.
 56844 | Tomb:1   | 56844 ||| DRINKING 6 potions of magic.
 56845 | Tomb:1   | 56845 ||| INVOKING Summon Divine Warrior.
 56850 | Tomb:1   | Killed a royal mummy
 56852 | Tomb:1   | 56852 ||| INVOKING Cleansing Flame.
 56855 | Tomb:1   | Killed a royal mummy
 56965 | Tomb:1   | Noticed a royal mummy
 56973 | Tomb:1   | Killed a royal mummy
 56974 | Tomb:1   | Reached skill level 23 in Invocations
 56975 | Tomb:1   | Noticed a royal mummy
 56983 | Tomb:1   | Killed a royal mummy
 57053 | Tomb:1   | Noticed a royal mummy
 57056 | Tomb:1   | 57056 ||| INVOKING Cleansing Flame.
 57059 | Tomb:1   | Killed a royal mummy
 57098 | Tomb:1   | Noticed a royal mummy
 57101 | Tomb:1   | Killed a royal mummy
 57106 | Tomb:1   | Noticed a royal mummy
 57110 | Tomb:1   | Killed a royal mummy
 57175 | Tomb:1   | Noticed a royal mummy
 57175 | Tomb:1   | Noticed a royal mummy
 57177 | Tomb:1   | 57177 ||| INVOKING Cleansing Flame.
 57178 | Tomb:1   | 57178 ||| INVOKING Cleansing Flame.
 57182 | Tomb:1   | Killed a royal mummy
 57183 | Tomb:1   | 57183 ||| INVOKING Cleansing Flame.
 57184 | Tomb:1   | 57184 ||| INVOKING Cleansing Flame.
 57185 | Tomb:1   | 57185 ||| INVOKING Cleansing Flame.
 57186 | Tomb:1   | 57186 ||| DRINKING 5 potions of magic.
 57187 | Tomb:1   | 57187 ||| INVOKING Cleansing Flame.
 57187 | Tomb:1   | Killed a royal mummy
 57188 | Tomb:1   | 57188 ||| INVOKING Cleansing Flame.
 57704 | Tomb:2   | 57704 ||| INVOKING Cleansing Flame.
 57713 | Tomb:2   | 57713 ||| INVOKING Cleansing Flame.
 57715 | Tomb:2   | 57715 ||| INVOKING Cleansing Flame.
 57718 | Tomb:2   | 57718 ||| Stepping ~*~*~tactically~*~*~ (hiding).
 57804 | Tomb:2   | Reached skill level 24 in Invocations
 57829 | Tomb:2   | 57829 ||| Stepping ~*~*~tactically~*~*~ (stealth).
 57857 | Tomb:3   | Entered Level 3 of the Tomb of the Ancients
 57858 | Tomb:3   | 57858 ||| DRINKING 7 potions of haste.
 57859 | Tomb:3   | 57859 ||| DRINKING 9 potions of attraction.
 57873 | Tomb:3   | Noticed a royal mummy
 57874 | Tomb:3   | 57874 ||| INVOKING Summon Divine Warrior.
 57875 | Tomb:3   | 57875 ||| INVOKING Summon Divine Warrior.
 57875 | Tomb:3   | Noticed a royal mummy
 57876 | Tomb:3   | 57876 ||| INVOKING Summon Divine Warrior.
 57877 | Tomb:3   | 57877 ||| DRINKING 4 potions of magic.
 57878 | Tomb:3   | 57878 ||| INVOKING Summon Divine Warrior.
 57879 | Tomb:3   | 57879 ||| INVOKING Summon Divine Warrior.
 57880 | Tomb:3   | 57880 ||| INVOKING Summon Divine Warrior.
 57881 | Tomb:3   | 57881 ||| DRINKING 3 potions of magic.
 57882 | Tomb:3   | 57882 ||| INVOKING Summon Divine Warrior.
 57883 | Tomb:3   | 57883 ||| INVOKING Summon Divine Warrior.
 57884 | Tomb:3   | 57884 ||| INVOKING Summon Divine Warrior.
 57885 | Tomb:3   | 57885 ||| DRINKING 2 potions of magic.
 57886 | Tomb:3   | 57886 ||| INVOKING Summon Divine Warrior.
 57887 | Tomb:3   | 57887 ||| INVOKING Summon Divine Warrior.
 57894 | Tomb:3   | 57894 ||| INVOKING Cleansing Flame.
 57894 | Tomb:3   | Noticed a royal mummy
 57895 | Tomb:3   | 57895 ||| INVOKING Summon Divine Warrior.
 57898 | Tomb:3   | 57898 ||| INVOKING Cleansing Flame.
 57899 | Tomb:3   | 57899 ||| DRINKING potion of magic.
 57900 | Tomb:3   | 57900 ||| INVOKING Cleansing Flame.
 57901 | Tomb:3   | 57901 ||| INVOKING Summon Divine Warrior.
 57901 | Tomb:3   | Noticed a royal mummy
 57902 | Tomb:3   | Noticed a royal mummy
 57907 | Tomb:3   | 57907 ||| INVOKING Summon Divine Warrior.
 57908 | Tomb:3   | 57908 ||| INVOKING Summon Divine Warrior.
 57918 | Tomb:3   | 57918 ||| INVOKING Cleansing Flame.
 57918 | Tomb:3   | Noticed a royal mummy
 57919 | Tomb:3   | Reached skill level 25 in Invocations
 57919 | Tomb:3   | 57919 ||| INVOKING Cleansing Flame.
 57920 | Tomb:3   | Noticed a royal mummy
 57921 | Tomb:3   | 57921 ||| INVOKING Summon Divine Warrior.
 57927 | Tomb:3   | Killed a royal mummy
 57928 | Tomb:3   | 57928 ||| INVOKING Cleansing Flame.
 57934 | Tomb:3   | Killed a royal mummy
 57935 | Tomb:3   | 57935 ||| INVOKING Cleansing Flame.
 57936 | Tomb:3   | 57936 ||| INVOKING Cleansing Flame.
 57936 | Tomb:3   | Noticed a royal mummy
 57937 | Tomb:3   | 57937 ||| INVOKING Cleansing Flame.
 57937 | Tomb:3   | Killed a royal mummy
 57938 | Tomb:3   | 57938 ||| INVOKING Summon Divine Warrior.
 57938 | Tomb:3   | HP: 43/196 [??? (8)]
 57939 | Tomb:3   | 57939 ||| READING 19 scrolls of teleportation.
 57940 | Tomb:3   | 57940 ||| DRINKING 10 potions of heal wounds.
 57948 | Tomb:3   | HP: 31/196 [spriggan defender simulacrum[a mummy priest]
                  | (33)]
 57949 | Tomb:3   | 57949 ||| READING 18 scrolls of teleportation.
 57950 | Tomb:3   | 57950 ||| DRINKING 9 potions of heal wounds.
 57951 | Tomb:3   | 57951 ||| DRINKING 8 potions of heal wounds.
 57953 | Tomb:3   | Noticed a royal mummy
 57955 | Tomb:3   | 57955 ||| INVOKING Cleansing Flame.
 57955 | Tomb:3   | HP: 49/196 [mummy priest/divine providence (14)]
 57956 | Tomb:3   | 57956 ||| READING 17 scrolls of teleportation.
 57956 | Tomb:3   | HP: 16/196 [mummy priest (14)]
 57957 | Tomb:3   | 57957 ||| DRINKING 7 potions of heal wounds.
 57958 | Tomb:3   | 57958 ||| DRINKING 6 potions of heal wounds.
 58107 | Tomb:3   | Got a golden rune of Zot
 58129 | Tomb:3   | 58129 ||| Stepping ~*~*~tactically~*~*~ (stealth).
 58138 | Tomb:3   | 58138 ||| INVOKING Summon Divine Warrior.
 58144 | Tomb:3   | Killed a royal mummy
 58148 | Tomb:3   | Killed a royal mummy
 58150 | Tomb:3   | 58150 ||| INVOKING Cleansing Flame.
 58151 | Tomb:3   | 58151 ||| INVOKING Cleansing Flame.
 58152 | Tomb:3   | 58152 ||| INVOKING Cleansing Flame.
 58152 | Tomb:3   | Killed a royal mummy
 58168 | Tomb:3   | Killed a royal mummy
 58201 | Tomb:3   | 58201 ||| INVOKING Summon Divine Warrior.
 58206 | Tomb:3   | Killed a royal mummy
 58224 | Tomb:3   | 58224 ||| INVOKING Cleansing Flame.
 58228 | Tomb:3   | Killed a royal mummy
 58229 | Tomb:3   | Reached skill level 26 in Invocations
 58237 | Tomb:3   | 58237 ||| INVOKING Cleansing Flame.
 58238 | Tomb:3   | 58238 ||| INVOKING Cleansing Flame.
 58666 | Tomb:3   | 58666 ||| READING scroll of acquirement.
 58666 | Tomb:3   | 58666 ||| ACQUIRING ring of Sunlight {Ice rPois Will+ Dex-3
                  | Stlth+}
 58666 | Tomb:3   | Acquired the ring of Sunlight {Ice rPois Will+ Dex-3
                  | Stlth+}
 58702 | Tomb:3   | Identified the +10 rapier of the Mind {flame, rF- Int+3
                  | Dex+4}
 58720 | Tomb:3   | Identified the +5 orcbow of Iduucaiwk {heavy, rPois rCorr
                  | Dex-3 Stlth+}
 58746 | Tomb:3   | 58746 ||| PLANNING ABYSS
 58746 | Tomb:3   | 58746 ||| DROPPING +3 plate armour of cold resistance.
 58747 | Tomb:3   | 58747 ||| DROPPING +1 hat of intelligence.
 58748 | Tomb:3   | 58748 ||| DROPPING 10 potions of lignification.
 58749 | Tomb:3   | 58749 ||| DROPPING 10 potions of attraction.
 59274 | Depths:3 | Voluntarily entered the Abyss.
 59285 | Abyss:3  | 59285 ||| Stepping ~*~*~tactically~*~*~ (stealth).
 59376 | Abyss:3  | 59376 ||| Stepping ~*~*~tactically~*~*~ (hiding).
 59386 | Abyss:3  | 59386 ||| Stepping ~*~*~tactically~*~*~ (hiding).
 59435 | Abyss:3  | 59435 ||| Stepping ~*~*~tactically~*~*~ (hiding).
 59437 | Abyss:3  | 59437 ||| Stepping ~*~*~tactically~*~*~ (hiding).
 59439 | Abyss:3  | 59439 ||| Stepping ~*~*~tactically~*~*~ (stealth).
 59447 | Abyss:3  | 59447 ||| Stepping ~*~*~tactically~*~*~ (stealth).
 59450 | Abyss:3  | 59450 ||| Stepping ~*~*~tactically~*~*~ (stealth).
 59515 | Abyss:3  | 59515 ||| Stepping ~*~*~tactically~*~*~ (stealth).
 59543 | Abyss:3  | 59543 ||| Stepping ~*~*~tactically~*~*~ (stealth).
 59545 | Abyss:3  | 59545 ||| Stepping ~*~*~tactically~*~*~ (stealth).
 59573 | Abyss:3  | Found a corrupted altar of Lugonu.
 59574 | Abyss:3  | 59574 ||| Stepping ~*~*~tactically~*~*~ (stealth).
 59576 | Abyss:3  | 59576 ||| Stepping ~*~*~tactically~*~*~ (stealth).
 59580 | Abyss:3  | 59580 ||| Stepping ~*~*~tactically~*~*~ (stealth).
 59581 | Abyss:3  | 59581 ||| Stepping ~*~*~tactically~*~*~ (stealth).
 59590 | Abyss:3  | 59590 ||| Stepping ~*~*~tactically~*~*~ (hiding).
 59591 | Abyss:3  | 59591 ||| Stepping ~*~*~tactically~*~*~ (stealth).
 59653 | Abyss:3  | 59653 ||| Stepping ~*~*~tactically~*~*~ (stealth).
 59708 | Abyss:3  | Found a corrupted altar of Lugonu.
 59835 | Abyss:3  | Found a corrupted altar of Lugonu.
 59839 | Abyss:3  | 59839 ||| Stepping ~*~*~tactically~*~*~ (stealth).
 59848 | Abyss:3  | 59848 ||| Stepping ~*~*~tactically~*~*~ (stealth).
 59856 | Abyss:3  | 59856 ||| Stepping ~*~*~tactically~*~*~ (stealth).
 59877 | Abyss:3  | 59877 ||| Stepping ~*~*~tactically~*~*~ (stealth).
 59894 | Abyss:3  | 59894 ||| Stepping ~*~*~tactically~*~*~ (hiding).
 59939 | Abyss:3  | 59939 ||| Stepping ~*~*~tactically~*~*~ (stealth).
 59941 | Abyss:3  | 59941 ||| Stepping ~*~*~tactically~*~*~ (hiding).
 59942 | Abyss:3  | 59942 ||| Stepping ~*~*~tactically~*~*~ (hiding).
 59944 | Abyss:3  | 59944 ||| Stepping ~*~*~tactically~*~*~ (stealth).
 59945 | Abyss:3  | 59945 ||| Stepping ~*~*~tactically~*~*~ (hiding).
 59977 | Abyss:3  | Paralysed by accursed screaming for 2 turns
 59986 | Abyss:3  | Paralysed by accursed screaming for 2 turns
 59993 | Abyss:3  | Paralysed by accursed screaming for 1 turns
 60111 | Abyss:3  | Reached skill level 1 in Short Blades
 60131 | Abyss:3  | 60131 ||| Stepping ~*~*~tactically~*~*~ (hiding).
 60133 | Abyss:3  | 60133 ||| Stepping ~*~*~tactically~*~*~ (hiding).
 60135 | Abyss:3  | 60135 ||| Stepping ~*~*~tactically~*~*~ (hiding).
 60136 | Abyss:3  | 60136 ||| Stepping ~*~*~tactically~*~*~ (hiding).
 60140 | Abyss:3  | Found a corrupted altar of Lugonu.
 60151 | Abyss:4  | Found a corrupted altar of Lugonu.
 60193 | Abyss:4  | 60193 ||| Stepping ~*~*~tactically~*~*~ (stealth).
 60228 | Abyss:4  | 60228 ||| Stepping ~*~*~tactically~*~*~ (stealth).
 60230 | Abyss:4  | 60230 ||| Stepping ~*~*~tactically~*~*~ (hiding).
 60248 | Abyss:4  | 60248 ||| Stepping ~*~*~tactically~*~*~ (stealth).
 60259 | Abyss:4  | 60259 ||| Stepping ~*~*~tactically~*~*~ (hiding).
 60274 | Abyss:4  | 60274 ||| Stepping ~*~*~tactically~*~*~ (stealth).
 60407 | Abyss:4  | 60407 ||| INVOKING Summon Divine Warrior.
 60416 | Abyss:4  | Paralysed by accursed screaming for 2 turns
 60430 | Abyss:4  | Lost intelligence.
 60430 | Abyss:4  | Gained mutation: You are dopey. (Int -2) [a neqoxec]
 60440 | Abyss:4  | HP: 39/196 [starcursed mass/accursed screaming (17)]
 60440 | Abyss:4  | Paralysed by accursed screaming for 2 turns
 60442 | Abyss:4  | 60442 ||| DRINKING 5 potions of heal wounds.
 60445 | Abyss:4  | 60445 ||| DRINKING 4 potions of heal wounds.
 60447 | Abyss:4  | HP: 46/196 [starcursed mass/accursed screaming[an orange
                  | crystal statue] (11)]
 60448 | Abyss:4  | 60448 ||| DRINKING 3 potions of heal wounds.
 60451 | Abyss:4  | Paralysed by accursed screaming for 1 turns
 60460 | Abyss:4  | HP: 49/196 [starcursed mass/accursed screaming[an orange
                  | crystal statue] (8)]
 60461 | Abyss:4  | 60461 ||| DRINKING 2 potions of heal wounds.
 60467 | Abyss:4  | 60467 ||| DRINKING 8 potions of resistance.
 60474 | Abyss:4  | HP: 44/196 [hellephant/blast of flame[an orange crystal
                  | statue] (38)]
 60475 | Abyss:4  | 60475 ||| DRINKING potion of heal wounds.
 60477 | Abyss:4  | Lost mutation: Your magical capacity is extremely low.
                  | (-30% MP) [a neqoxec]
 60482 | Abyss:4  | Reached skill level 3 in Short Blades
 60512 | Abyss:4  | 60512 ||| Stepping ~*~*~tactically~*~*~ (cloud).
 60513 | Abyss:4  | 60513 ||| Stepping ~*~*~tactically~*~*~ (cloud).
 60516 | Abyss:4  | Reached skill level 27 in Invocations
 60525 | Abyss:4  | Got an abyssal rune of Zot
 60565 | Abyss:4  | 60565 ||| PLANNING PAN
 60588 | Depths:3 | Escaped the Abyss
 60654 | Pan      | Entered Pandemonium
 60698 | Pan      | 60698 ||| Stepping ~*~*~tactically~*~*~ (hiding).
 60833 | Pan      | 60833 ||| Stepping ~*~*~tactically~*~*~ (stealth).
 60842 | Pan      | 60842 ||| INVOKING Cleansing Flame.
 60843 | Pan      | 60843 ||| Stepping ~*~*~tactically~*~*~ (hiding).
 60845 | Pan      | 60845 ||| INVOKING Cleansing Flame.
 60847 | Pan      | 60847 ||| INVOKING Cleansing Flame.
 60847 | Pan      | Noticed Beva Kik the pandemonium lord
 60848 | Pan      | 60848 ||| INVOKING Cleansing Flame.
 60849 | Pan      | 60849 ||| INVOKING Summon Divine Warrior.
 60850 | Pan      | Killed Beva Kik the pandemonium lord
 60880 | Pan      | Found an exit through the horrors of the Abyss.
 60929 | Pan      | 60929 ||| INVOKING Cleansing Flame.
 61027 | Pan      | Identified the amulet of Woynnack {rElec Regen+}
 61234 | Pan      | 61234 ||| INVOKING Cleansing Flame.
 61610 | Pan      | 61610 ||| DROPPING amulet of Woynnack {rElec Regen+}.
 61658 | Pan      | Entered the realm of Gloorx Vloq.
 61674 | Pan      | 61674 ||| Stepping ~*~*~tactically~*~*~ (stealth).
 61829 | Pan      | 61829 ||| Stepping ~*~*~tactically~*~*~ (stealth).
 62078 | Pan      | 62078 ||| Stepping ~*~*~tactically~*~*~ (stealth).
 62094 | Pan      | 62094 ||| Stepping ~*~*~tactically~*~*~ (stealth).
 62113 | Pan      | 62113 ||| Stepping ~*~*~tactically~*~*~ (stealth).
 62129 | Pan      | 62129 ||| INVOKING Cleansing Flame.
 62134 | Pan      | 62134 ||| INVOKING Cleansing Flame.
 62140 | Pan      | 62140 ||| INVOKING Cleansing Flame.
 62141 | Pan      | 62141 ||| INVOKING Cleansing Flame.
 62142 | Pan      | Reached skill level 15 in Dodging
 62162 | Pan      | Noticed Gloorx Vloq
 62163 | Pan      | 62163 ||| INVOKING Summon Divine Warrior.
 62165 | Pan      | 62165 ||| INVOKING Cleansing Flame.
 62166 | Pan      | 62166 ||| INVOKING Cleansing Flame.
 62167 | Pan      | 62167 ||| INVOKING Cleansing Flame.
 62168 | Pan      | 62168 ||| INVOKING Summon Divine Warrior.
 62169 | Pan      | Killed Gloorx Vloq
 62219 | Pan      | Got a dark rune of Zot
 62234 | Pan      | 62234 ||| Stepping ~*~*~tactically~*~*~ (stealth).
 62263 | Pan      | 62263 ||| Stepping ~*~*~tactically~*~*~ (stealth).
 62281 | Pan      | 62281 ||| Stepping ~*~*~tactically~*~*~ (stealth).
 62287 | Pan      | 62287 ||| Stepping ~*~*~tactically~*~*~ (stealth).
 62361 | Pan      | 62361 ||| Stepping ~*~*~tactically~*~*~ (stealth).
 62575 | Pan      | 62575 ||| Stepping ~*~*~tactically~*~*~ (stealth).
 62576 | Pan      | 62576 ||| Stepping ~*~*~tactically~*~*~ (stealth).
 62731 | Pan      | 62731 ||| UPGRADING to ring "Huqyrphomo" {Ice Contam Will+
                  | rCorr Int+3}.
 62733 | Pan      | 62733 ||| UPGRADING to ring of Sapiciteune {rN+ Dex+6
                  | Slay+5}.
 62752 | Pan      | 62752 ||| INVOKING Cleansing Flame.
 62757 | Pan      | 62757 ||| INVOKING Summon Divine Warrior.
 62780 | Pan      | 62780 ||| INVOKING Cleansing Flame.
 62810 | Pan      | Found a huge runed translucent gate.
 62826 | Pan      | Found a huge runed translucent gate.
 63067 | Pan      | 63067 ||| INVOKING Cleansing Flame.
 63068 | Pan      | 63068 ||| INVOKING Cleansing Flame.
 63440 | Pan      | Found a huge runed translucent gate.
 63441 | Pan      | Found a huge runed translucent gate.
 63442 | Pan      | Found a huge runed translucent gate.
 63443 | Pan      | Found a huge runed translucent gate.
 63444 | Pan      | Found a huge runed translucent gate.
 63445 | Pan      | 63445 ||| DROPPING amulet of regeneration.
 63446 | Pan      | 63446 ||| UPGRADING to ring "Kitydor" {Fly rF+ Dex+6}.
 63448 | Pan      | 63448 ||| UPGRADING to ring of Lanoer {Fly AC+4 Dex+6
                  | Stlth+}.
 63452 | Pan      | Noticed Goegroph the pandemonium lord
 63453 | Pan      | 63453 ||| INVOKING Cleansing Flame.
 63453 | Pan      | Gained mutation: You are weak. (Str -2) [a neqoxec]
 63466 | Pan      | Killed Goegroph the pandemonium lord
 63516 | Pan      | 63516 ||| Stepping ~*~*~tactically~*~*~ (hiding).
 63518 | Pan      | 63518 ||| Stepping ~*~*~tactically~*~*~ (hiding).
 63519 | Pan      | 63519 ||| Stepping ~*~*~tactically~*~*~ (hiding).
 63520 | Pan      | 63520 ||| Stepping ~*~*~tactically~*~*~ (hiding).
 63521 | Pan      | 63521 ||| INVOKING Summon Divine Warrior.
 63523 | Pan      | 63523 ||| INVOKING Cleansing Flame.
 63524 | Pan      | 63524 ||| INVOKING Cleansing Flame.
 63718 | Pan      | 63718 ||| Stepping ~*~*~tactically~*~*~ (stealth).
 63719 | Pan      | 63719 ||| Stepping ~*~*~tactically~*~*~ (hiding).
 63720 | Pan      | 63720 ||| Stepping ~*~*~tactically~*~*~ (hiding).
 64062 | Pan      | 64062 ||| INVOKING Cleansing Flame.
 64071 | Pan      | Noticed Ici Zirch the pandemonium lord
 64072 | Pan      | 64072 ||| INVOKING Cleansing Flame.
 64077 | Pan      | HP: 48/196 [Ici Zirch the pandemonium lord] (6)]
 64078 | Pan      | 64078 ||| DRINKING 2 potions of heal wounds.
 64078 | Pan      | HP: 23/196 [Ici Zirch the pandemonium lord/arc of chain
                  | lightning (51)]
 64078 | Pan      | Killed from afar by Ici Zirch the pandemonium lord

Levels and vault maps discovered:
D:1:      roderic_lyre, layout_rooms, chequers_ecumenical_altar_lobes,
          minmay_lizard_pond
D:2:      layout_basic, hangedman_decor_peaks_small, uniq_robin
D:3:      layout_basic, uniq_natasha
D:4:      layout_rooms, gup_sewer_entry_glass
D:5:      layout_rooms, nicolae_qazlal_eye_of_the_storm,
          minmay_temple_entry_sparse_star
D:6:      layout_cave_pods
D:7:      layout_basic, kennysheep_mini, serial_shops, nicolae_stop_n_shop_1,
          kennysheep_cross_bottleneck
D:8:      layout_basic, serial_shops, shop, uniq_gastronok
D:9:      layout_stronghold, nicolae_transporter_circle, uniq_harold
D:10:     layout_rooms, nicolae_overflow_quartered_altars,
          grunt_lair_entry_orc_guard_hut, david_orc_3, serial_shops,
          nicolae_shop_statue_plus, shop, shop, minmay_misc_feat_nine_boxes
D:11:     layout_cave_pods, minivault_12
D:12:     layout_basic, hellmonk_okawaru_the_only_friend_you_need
D:13:     layout_layer_cave, serial_glass, glass_columns_a, glass_columns_b
D:14:     erik_rubicon_b, layout_cave_pools, erik_vaults_1, serial_shops, shop,
          kennysheep_mini_moat, nicolae_square_shop, nicolae_take_the_stairs,
          lemuel_doored_altar, minmay_misc_feat_pillars
D:15:     hangedman_depths_entry_civil_slaughter, layout_rooms,
          grunt_gozag_statues
Temple:   kb_temple_of_zot
Lair:1:   statuecave_lemuel, layout_hall_layers, gammafunk_ghost_arena,
          serial_bayou_shore_a
Lair:2:   layout_regular_city, skrybe_swamp_entry_bodies, portal_ice_cave_rime,
          uniq_fannar
Lair:3:   nzn_winding_woodlands_large [nzn_winding_woodlands_5x5_open_star,
          nzn_winding_woodlands_5x15_lazy_stream,
          nzn_winding_woodlands_5x5_perimeter,
          nzn_winding_woodlands_center_lodge,
          nzn_winding_woodlands_15x15_thick_spiral,
          nzn_winding_woodlands_center_garden,
          nzn_winding_woodlands_5x5_default,
          nzn_winding_woodlands_5x15_sidewinder,
          nzn_winding_woodlands_5x5_default], layout_chaotic_city,
          spider_nest_entry_web_field
Lair:4:   dpeg_oklob_shooting_range, layout_hall_layers, slime_entry_1,
          ice2_lemuel, grunt_megastairs_5, infiniplex_staircase_pool_2
Lair:5:   wormcave, layout_big_grid, uniq_sonja
Swamp:1:  layout_basic_swamp, evilmike_swamp_ruin_rubble_1
Swamp:2:  layout_falls_marsh, evilmike_swamp_ruin_house_3, uniq_aizul
Swamp:3:  layout_basic_swamp, serial_swamp_ruin, evilmike_swamp_ruin_house_5,
          evilmike_swamp_ruin_house_2, evilmike_swamp_ruin_house_4, swamp_pool3,
          hangedman_swamp_diagram
Swamp:4:  nzn_swamp_witches_coven, layout_basic_swamp
Spider:1: layout_spider_delve
Spider:2: layout_cave_pods, nicolae_spider_shape,
          hangedman_spider_tarantella_strand
Spider:3: layout_chambers, nicolae_spider_nooks_and_crannies, uniq_bai_suzhen
Spider:4: grunt_spider_rune_circles, nicolae_spider_world_wide_web,
          uniq_arachne, uniq_louise
Slime:1:  layout_caves, nicolae_slime_barrier
Slime:2:  layout_caves
Slime:3:  layout_caves
Slime:4:  layout_caves
Slime:5
Orc:1:    layout_caves, uniq_nergalle
Orc:2:    grunt_orc_gardens, layout_caves, grunt_orc_garden, grunt_orc_garden,
          grunt_orc_garden, grunt_orc_garden
Vaults:1: nicolae_vaults_storage_room_glass, vaults_room_grid,
          vaults_mumra_minichess_inversion, vaults_dpeg_cross,
          nicolae_vaults_little_squares_4, hangedman_vaults_trim,
          vaults_room_boxed, vaults_room_fours,
          vaults_room_grunt_arrival_ludios, nicolae_vaults_diagonal_hallway_7,
          hangedman_vaults_hat, nicolae_vaults_ring_of_whatevers,
          vaults_room_stairs_pillars, grunt_vaults_hallway_long,
          nicolae_vaults_rhombus_6, nicolae_vaults_little_squares_5,
          layout_vaults_omnibox
Vaults:2: nicolae_vaults_trapezoid_2, grunt_vaults_twisty,
          nicolae_vaults_storage_closets_2, nicolae_vaults_little_squares_6,
          nicolae_vaults_more_shelving_2, nicolae_vaults_trapezoid_lopsided_3,
          layout_vaults_omnigrid, serial_shops, nicolae_shop_trees,
          uniq_saint_roka, uniq_asterion
Vaults:3: minmay_crypt_entry_simple_box, nicolae_vaults_network_square,
          hangedman_vaults_snaps, nicolae_vaults_offset_grid_hallway_1,
          nicolae_vaults_frosty_reception, v_alt_pattern_5,
          nicolae_vaults_cornered_office, nicolae_vaults_offset_grid_hallway_4,
          nicolae_vaults_cornered_office, nicolae_vaults_oval_intersection,
          nicolae_vaults_trapezoid_1, v_alt_pattern_4, layout_vaults_ring,
          uniq_frederick, uniq_donald
Vaults:4: portal_desolation_entry_holy_temple, dpeg_vaults_monster_box,
          v_misc_16, hangedman_vaults_maws, nicolae_vaults_puzzle_piece,
          vaults_room_pools, v_rooms_6, nicolae_vaults_mitosis,
          nicolae_vaults_tangram_2, nicolae_vaults_offset_grid_hallway_1,
          ontoclasm_vaults_chip, vaults_dpeg_ring,
          nicolae_vaults_surprise_closet_hard, nicolae_vaults_trapezoid_2,
          layout_vaults_omnicross, serial_shops, bzr_entry_water, uniq_zenata
Vaults:5: serial_shops
Crypt:1:  ragdoll_tomb_raider, layout_misc_corridors, basic_altar,
          grunt_crypt_arrival_guarded_gate
Crypt:2:  layout_chaotic_city, corexii_leaking_fountain,
          nicolae_crypt_knee_deep_in_the_dead, grunt_megastairs_2
Crypt:3:  lightli_unholy_cathedral, layout_chaotic_city,
          tomb_entry_simple_bobbens, minivault_26, minivault_4, minivault_25,
          st_stairs_12, grunt_ministairs_9, serial_sigils_hangedman_clutch,
          uniq_sojobo, uniq_grunn, uniq_jory
Tomb:1:   uniq_khufu
Tomb:2
Tomb:3
Depths:1: layout_forbidden_donut, nicolae_hepliaklqana_ecumenical_no_more,
          lightli_too_deep, dispersion_dpeg
Depths:2: minmay_the_grid_octo_triangle [minmay_the_grid_octo_shrine,
          minmay_the_grid_octo_prize_square_snowflake,
          minmay_the_grid_octo_toaster], layout_gridlike,
          rand_demon_pan_entry_5, serial_shops, shop, shop,
          nicolae_shop_gibbet_a_chance, shop, hell_entry, basic_altar,
          infiniplex_staircase_pool_1, serial_bayou_shore_b
Depths:3: hourglass_vault, layout_honeycomb, enter_ziggurat_a, hell_entry,
          abyss_entry_glasseish, rand_demon_pan_entry_8, minmay_microvault
Depths:4: hangedman_pleasuredromes, hell_entry, abyss_entry, uniq_enchantress,
          uniq_josephina
Zot:1:    layout_twisted_circle
Zot:2:    kennysheep_blocky_hall, layout_twisted_circle
Zot:3:    layout_twisted_circle, grunt_ministairs_3
Zot:4:    layout_cathedral_of_symmetry
Pan:      evilmike_mini_pan_layers, layout_stronghold, nicolae_pan_sigil_nadil,
          nicolae_pan_lom_lobonic_3, gloorx_vloq, layout_irregular_city,
          nicolae_pan_giant_door, layout_irregular_city, pan_blood_fountain_2,
          grunt_pan_in_and_out, layout_gridville, nicolae_pan_cerebovesque_3

Skill      XL: |  1  2  3  4  5  6  7  8  9 10 11 12 13 14 15 16 17 18 19 20 21 22 23 24 25 26 27 |
---------------+----------------------------------------------------------------------------------+-----
Axes           | 2 3 4 5 6 7 9 10 11 12 14 16 17 18 | 18.0
Fighting       | 4 5 6 7 9 10 11 12 13 14 16 18 19 20 21 22 23 26 | 26.5
Dodging        | 1 2 3 4 7 8 9 10 11 15 | 15.0
Armour         | 4 6 7 9 10 11 12 13 14 16 17 18 19 21 22 23 | 23.9
Shields        | 4 6 7 8 9 10 11 16 17 18 21 22 | 22.4
Throwing       | 1 2 5 7 9 10 12 13 14 | 14.5
Invocations    | 4 9 10 27 | 27.0
Short Blades   | 3 |  3.4

Action                     |  1- 3 |  4- 6 |  7- 9 | 10-12 | 13-15 | 16-18 | 19-21 | 22-24 | 25-27 || total
---------------------------+-------+-------+-------+-------+-------+-------+-------+-------+-------++-------
  Melee: War axe           |   116 |   215 |   202 |   216 |       |       |       |       |       ||   749
         Broad axe         |       |       |       |   428 |  1028 |   981 |  1271 |  1147 |  3962 ||  8817
         Morningstar       |       |       |       |       |    45 |    15 |       |       |       ||    60
  Throw: Boomerang         |       |       |       |     7 |   162 |   259 |    63 |    52 |    64 ||   607
         Javelin           |       |       |       |       |    18 |    37 |    41 |    52 |   117 ||   265
 Invoke: Heroism           |       |       |       |    12 |    34 |    25 |    12 |    12 |    36 ||   131
         Finesse           |       |       |       |       |     7 |     1 |     7 |     6 |     4 ||    25
         Cleansing Flame   |       |       |       |       |       |       |       |       |   112 ||   112
         Summon Divine War |       |       |       |       |       |       |       |       |    40 ||    40
         Brand Weapon With |       |       |       |       |       |       |       |       |     1 ||     1
    Use: Scroll            |     4 |    11 |     2 |     8 |    10 |     6 |     1 |       |     6 ||    48
         Potion            |       |     5 |     1 |     2 |     1 |     1 |     2 |     1 |    34 ||    47
   Stab: Distracted        |       |       |       |       |     2 |     1 |       |       |     1 ||     4
 Armour: Scale mail        |    59 |    62 |       |       |       |       |       |       |       ||   121
         Chain mail        |       |    82 |    76 |       |       |       |       |       |    41 ||   199
         Plate armour      |       |       |    66 |   452 |   500 |   540 |   563 |   397 |  1050 ||  3568
         Ring mail         |       |       |       |       |    23 |       |       |       |       ||    23
  Dodge: Dodged            |    39 |    96 |    85 |   233 |   614 |   609 |   588 |   580 |  1555 ||  4399
  Block: Buckler           |    25 |    47 |    65 |   167 |   301 |   288 |   139 |       |       ||  1032
         Kite shield       |       |       |       |       |       |       |   527 |   292 |       ||   819
         Tower shield      |       |       |       |       |       |       |       |   604 |  4288 ||  4892

Table legend:
 A = Non-vault XP
 B = Vault XP
 C = Vault XP percentage of total XP
 D = Non-vault monster count
 E = Vault monster count
 F = Vault count percentage of total count
                 A         B        C        D         E       F
            +---------+---------+-------+---------+---------+-------
      Total |  924663 |  907831 |  49.5 |    1782 |    1081 |  37.8
            +---------+---------+-------+---------+---------+-------
        D:1 |      35 |       7 |  16.7 |      20 |       7 |  25.9
        D:2 |      40 |      31 |  43.7 |      14 |       9 |  39.1
        D:3 |     137 |      35 |  20.3 |      23 |       1 |   4.2
        D:4 |     160 |      24 |  13.0 |      17 |       6 |  26.1
        D:5 |     303 |       0 |   0.0 |       8 |       0 |   0.0
        D:6 |    1230 |       0 |   0.0 |      13 |       0 |   0.0
        D:7 |    1495 |       0 |   0.0 |      28 |       0 |   0.0
        D:8 |    2215 |    1559 |  41.3 |      32 |       1 |   3.0
        D:9 |    1295 |     839 |  39.3 |      14 |       1 |   6.7
       D:10 |    2898 |     694 |  19.3 |      20 |      10 |  33.3
       D:11 |    2686 |       0 |   0.0 |      12 |       0 |   0.0
       D:12 |    3254 |       0 |   0.0 |      15 |       0 |   0.0
       D:13 |    7606 |       0 |   0.0 |      27 |       0 |   0.0
       D:14 |   12250 |    1654 |  11.9 |      33 |       2 |   5.7
       D:15 |    9882 |    3928 |  28.4 |      16 |       6 |  27.3
     Lair:1 |    9919 |       0 |   0.0 |      38 |       0 |   0.0
     Lair:2 |    3045 |    2280 |  42.8 |       7 |       4 |  36.4
     Lair:3 |    7191 |   12886 |  64.2 |      22 |      35 |  61.4
     Lair:4 |   11227 |    3291 |  22.7 |      28 |      16 |  36.4
     Lair:5 |    5651 |       0 |   0.0 |      20 |       0 |   0.0
    Swamp:1 |    8173 |       0 |   0.0 |      13 |       0 |   0.0
    Swamp:2 |    8614 |    1139 |  11.7 |      12 |       1 |   7.7
    Swamp:3 |   12715 |       0 |   0.0 |      21 |       0 |   0.0
    Swamp:4 |    8472 |   23149 |  73.2 |      14 |      35 |  71.4
   Spider:1 |   18910 |       0 |   0.0 |      53 |       0 |   0.0
   Spider:2 |    9215 |    3867 |  29.6 |      23 |       9 |  28.1
   Spider:3 |   20326 |    5652 |  21.8 |      43 |       8 |  15.7
   Spider:4 |   11464 |   28027 |  71.0 |      28 |      50 |  64.1
    Slime:1 |    6453 |       0 |   0.0 |      18 |       0 |   0.0
    Slime:2 |    4511 |       0 |   0.0 |      15 |       0 |   0.0
    Slime:3 |    9667 |       0 |   0.0 |      14 |       0 |   0.0
    Slime:4 |    4265 |       0 |   0.0 |      10 |       0 |   0.0
    Slime:5 |   19361 |   23039 |  54.3 |      34 |      15 |  30.6
      Orc:1 |    3487 |     773 |  18.1 |      37 |       1 |   2.6
      Orc:2 |    3395 |    9520 |  73.7 |      25 |      27 |  51.9
   Vaults:1 |   16720 |   30460 |  64.6 |      23 |      40 |  63.5
   Vaults:2 |   38713 |   15004 |  27.9 |      62 |      27 |  30.3
   Vaults:3 |   27390 |   22678 |  45.3 |      44 |      23 |  34.3
   Vaults:4 |   10803 |   30266 |  73.7 |      16 |      32 |  66.7
   Vaults:5 |   25760 |  100713 |  79.6 |      36 |      89 |  71.2
    Crypt:1 |   23689 |   20554 |  46.5 |      44 |      14 |  24.1
    Crypt:2 |   27090 |   15226 |  36.0 |      41 |      25 |  37.9
    Crypt:3 |   32519 |   47280 |  59.2 |      43 |      43 |  50.0
     Tomb:1 |   11112 |  119208 |  91.5 |      25 |      67 |  72.8
     Tomb:2 |   12101 |   41648 |  77.5 |      39 |      60 |  60.6
     Tomb:3 |    4662 |   84000 |  94.7 |      21 |      96 |  82.1
   Depths:1 |   34256 |    7603 |  18.2 |      51 |       7 |  12.1
   Depths:2 |   44709 |   16336 |  26.8 |      52 |      15 |  22.4
   Depths:3 |   39447 |   21434 |  35.2 |      42 |      15 |  26.3
   Depths:4 |       0 |  109360 | 100.0 |       0 |     106 | 100.0
      Zot:1 |   27417 |       0 |   0.0 |      25 |       0 |   0.0
      Zot:2 |   58692 |    5318 |   8.3 |      45 |       4 |   8.2
      Zot:3 |   60958 |    1514 |   2.4 |      56 |       2 |   3.4
      Zot:4 |   23264 |       0 |   0.0 |      19 |       0 |   0.0
    Abyss:3 |   59424 |    1507 |   2.5 |     135 |       1 |   0.7
    Abyss:4 |   17080 |    4213 |  19.8 |      52 |      10 |  16.1
        Pan |   97310 |   50345 |  34.1 |     144 |      58 |  28.7
      Sewer |       0 |     143 | 100.0 |       0 |      18 | 100.0
 Desolation |       0 |   40627 | 100.0 |       0 |      85 | 100.0
            +---------+---------+-------+---------+---------+-------
